Workbook

Sheet MENU PLANILHA
A1: PRÓ-REITORIA DE ADMINISTRAÇÃO
A2: COORDENAÇÃO DE CONTRATOS
A4: Contratação de empresa para prestação de serviços continuados de Apoio Logístico, com regime de dedicação exclusiva de mão de obra, com fornecimento de materiais de reposição e atendimento da Universidade Federal Fluminense
A5: LOTE 1 - MÃO DE OBRA APOIO LOGÍSTICO
E15: dos Equipamentos (preenchimento licitante)

Sheet Anexo II-A Endereço
A1: PRÓ-REITORIA DE ADMINISTRAÇÃO
A2: COORDENAÇÃO DE CONTRATOS
A4: Anexo II - A - ENDEREÇO DAS UNIDADES
A5: Contratação de empresa para prestação de serviços continuados de Apoio Logístico, com regime de dedicação exclusiva de mão de obra, com fornecimento de materiais de reposição e atendimento da Universidade Federal Fluminense
A7: Item | B7: Descrição | C7: Prédio | D7: Endereço
A8: 1 | B8: Reitoria | C8: 1 | D8: Prédio Principal: 8 andares | E8: Rua Miguel de Frias, 9 - Icaraí - Niterói - RJ
C9: 2 | D9: Perícia Médica | E9: Av. Miguel de Frias, 77 - Icaraí - Niterói
B10: Campus do Valonguinho | C10: 3 | D10: Escola de Extensão, Protocolo e outros | E10: Av. Visconde do Rio Branco s/n.º, bairro Centro, Niterói - RJ
C11: 4 | D11: Biblioteca Central e DCE
C12: 5 | D12: Facu. Administração (antiga matematica)
C13: 6 | D13: Dispensário “Mazine Bueno”
C14: 7 | D14: Núcleo de Animais de Laboratório - NAL
C15: 8 | D15: LANTE
C16: 9 | D16: Faculdades de Nutrição e Administração
C17: 10 | D17: Faculdade de Odontologia
C18: 11 | D18: Pórtico de Entrada Valonguinho
B19: Complexo Instituto de Química | C19: 12 | D19: Instituto de Química | E19: Av. Visconde do Rio Branco s/n.º, bairro Centro, Niterói - RJ
C20: 13 | D20: Instituto de Química
B21: Complexo Inst. Biomédico | C21: 14 | D21: Bloco B - DST | E21: Av. Visconde do Rio Branco s/n.º, bairro Centro, Niterói - RJ
C22: 15 | D22: Bloco C - Salas de Aula
C23: 16 | D23: Bloco D - Anatômico
C24: 17 | D24: Bloco E - Pesquisas
C25: 18 | D25: Bloco A - Prédio Central | E25: Rua Professor Hernani Mello, 101 São Domingos Niterói – RJ
B26: Complexo Inst. Biologia | C26: 19 | D26: Instituto de Biologia Bloco Principal | E26: Av. Visconde do Rio Branco s/n.º, bairro Centro, Niterói - RJ
C27: 20 | D27: Instituto de Biologia Bloco Anexo
C28: 21 | D28: Prédio Salas de Aulas Biologia (Antigo Inst. Física)
B29: Campus do Gragoatá | C29: 23 | D29: Bloco D - Faculdade de Educação | E29: Av. Visconde do Rio Branco s/n.º, bairro de São Domingos, Niterói - RJ
C30: 24 | D30: Bloco E - Escola de Serviço Social
C31: 25 | D31: Bloco F - Faculdade de Economia
C32: 26 | D32: Bloco G - Instituto de Matemática e Estatística e Faculdade de Turismo
C33: 27 | D33: Bloco H - Faculdade de Turismo e Hotelaria
C34: 28 | D34: Biologia NOVO Bloco M - Gragoatá
C35: 29 | D35: Superintendência de Documentação - SDC
C36: 30 | D36: Faculdade de Educação Física - FACDEF
C37: 31 | D37: Pórtico Faculdade de Educação Física
C38: 32 | D38: Pórtico Principal Campus Gragoatá
B39: Complexo ICHF | C39: 33 | D39: Bloco N - Instituto de Ciências Humanas e Filosofia - ICHF | E39: R. Alexandre Moura, 8 - São Domingos, Niterói - RJ, 24210-200
C40: 34 | D40: Bloco O - Instituto de Ciências Humanas e Filosofia - ICHF
C41: 35 | D41: Bloco P - Instituto de Ciências Humanas e Filosofia - ICHF
B42: Complexo Instituto de Letras | C42: 36 | D42: Bloco B - Instituto de Letras | E42: R. Alexandre Moura, 8 - São Domingos, Niterói - RJ, 24210-200
C43: 37 | D43: Bloco C - Instituto de Letras
B44: Campus da Praia Vermelha | C44: 38 | D44: Escola de Arquitetura (e anexos) | E44: Rua Passo da Pátria, n.º 156, bairro São Domingos, Niterói - RJ
C45: 39 | D45: Instituto de Geociências
C46: 40 | D46: Biblioteca do Campus
C47: 41 | D47: Horto Viveiro
C48: 42 | D48: Pórtico Passos da Pátria
C49: 43 | D49: Pórtico Boa Viagem
C50: 44 | D50: Pórtico Avenida Litorânea
B51: Complexo Escola de Engenharia | C51: 45 | D51: Bloco D - Escola de Engenharia - Niterói | E51: Rua Passo da Pátria, n.º 156, bairro São Domingos, Niterói - RJ
C52: 46 | D52: Bloco E - Escola de Engenharia Niterói
B53: Complexo Instituto de Computação | C53: 47 | D53: Instituto de Computação - Laboratórios | E53: Rua Passo da Pátria, n.º 156, bairro São Domingos, Niterói - RJ
C54: 48 | D54: Instituto de Computação - Salas de Aula UFAS
C55: 49 | D55: ADDLABS
B56: Complexo Instituto de Física | C56: 50 | D56: Instituto de Física - Bloco F | E56: Rua Passo da Pátria, n.º 156, bairro São Domingos, Niterói - RJ
C57: 51 | D57: UFASA Física
B58: Complexo PROAES | C58: 52 | D58: Restaurante Universitário - Gragoatá | E58: Av. Visconde do Rio Branco s/n.º, bairro de São Domingos, Niterói - RJ
C59: 53 | D59: Restaurante Universitário - Praia Vermelha | E59: Rua Passo da Pátria, n.º 156, bairro São Domingos, Niterói - RJ
C60: 54 | D60: Restaurante Universitário - HUAP | E60: Rua Marquês de Paraná 303 - Centro, Niterói - RJ
C61: 55 | D61: Restaurante Universitário - Reitoria | E61: Rua Miguel de Frias, 9 - Icaraí - Niterói - RJ
C62: 56 | D62: Moradia Estudantil - Niterói | E62: Av. Visconde do Rio Branco s/n.º, bairro de São Domingos, Niterói - RJ
C63: 57 | D63: Moradia Estudantil - Rio das Ostras | E63: Rua Recife. Quadra 07, Jardim Bela Vista, Rio das Ostras - RJ
B64: UNIDADES ISOLADAS NITERÓI | C64: 58 | D64: Instituto de Artes e Comunicação Social - IACS | E64: Rua Lara Vilela, 126 - São Domingos, Niterói - RJ
C65: 59 | D65: Arquivo SDC - Jurujuba | E65: Av. Bento Maria da Costa, 115 A - Jurujuba, Niterói - RJ
C66: 60 | D66: CRIAA - Barreto | E66: Rua General Castrioto, 588, Barreto, Niterói - RJ
C67: 61 | D67: CAJUFF e NEPHU | E67: Almirante Teffé, 637, Centro, Niterói - RJ
C68: 62 | D68: Escola de Enfermagem | E68: Rua Dr. Celestino,78- Centro, Niterói - RJ
C69: 63 | D69: Faculdade de Medicina | E69: Rua Marquês de Paraná 303 - Centro, Niterói - RJ
C70: 64 | D70: Instituto de Saúde da Comunidade | E70: Rua Marquês de Paraná, 303 - Centro, Niterói - RJ
C71: 65 | D71: Mequinho | E71: Av. Jansem de Mello, 174/Fundos – Centro, Niterói - RJ
B72: Complexo Fac. Direito | C72: 66 | D72: Faculdade de Direito | E72: Rua Presidente Pedreira,62 - Ingá, Niterói - RJ
C73: 67 | D73: Faculdade de Direito II | E73: Rua Tiradentes, 17 - Ingá, Niterói - RJ
B74: Complexo Fac. Farmácia | C74: 68 | D74: Faculdade de Farmácia | E74: Rua Mário Viana. 523 - Santa Rosa, Niterói - RJ
C75: 69 | D75: Farmácia Universitária | E75: Rua Marquês do Paraná, 282 – Centro, Niterói - RJ
B76: Complexo COLUNI | C76: 70 | D76: Colégio Universitário Geraldo Reis - COLUNI | E76: Rua Alexandre Moura, 8 - São Domingos, Niterói - RJ
C77: 71 | D77: Creche UFF | E77: R. Alexandre Moura, 8 - São Domingos, Niterói - RJ, 24210-200
B78: Complexo PROGRAD | C78: 72 | D78: Bloco A - UFASA PROGRAD Gragoatá | E78: R. Alexandre Moura, 8 - São Domingos, Niterói - RJ, 24210-200
C79: 73 | D79: Bloco H - UFFASA PROGRAD - Praia Vermelha | E79: Rua Passo da Pátria, n.º 156, bairro São Domingos, Niterói - RJ
B80: Unidades do Interior | C80: 74 | D80: Escola de Engenharia de Petrópolis | E80: Rua Domingos Silvério, sn. Quitandinha - Petrópolis
C81: 75 | D81: Instituto de Saúde de Nova Friburgo (incluindo unidade de Fonoaudiologia) | E81: Rua Dr. Silvio Henrique Braune, 22, Centro, Nova Friburgo - RJ
C82: 76 | D82: Instituto do Noroeste Fluminense e Educação Superior | E82: Rua Chaim Elias, s/n.º, Centro, Santo Antônio de Pádua - RJ
C83: 77 | D83: Instituto de Ciência e Tecnologia - ICT | E83: Rua Recife. Quadra 07, Jardim Bela Vista, Rio das Ostras - RJ
C84: 78 | D84: Instituto de Humanidades e Saúde - IHS | E84: Rua Recife. Quadra 07, Jardim Bela Vista, Rio das Ostras - RJ
C85: 79 | D85: Serviço de Psicologia Aplicada (SPA) Rio das Ostras | E85: Rua Recife. Quadra 07, Jardim Bela Vista, Rio das Ostras - RJ
C86: 80 | D86: Pólo Univ. de Macaé (incluindo prédio novo) | E86: Av. Aluízio da Silva Gomes, 50 - Granja dos Cavaleiros - Macaé
C87: 81 | D87: Pólo Campos Goytacazes (incluindo SPA) | E87: Rua José do Patrocínio, 71 - Campos dos Goytacazes - RJ
B88: Complexo Faculdade de Veterinária | C88: 82 | D88: Faculdade de Veterinária | E88: Rua Vital Brazil Filho, 64 - Vital Brazil, Niteroi - RJ
C89: 83 | D89: Hospital Veterinário - HUVET
C90: 84 | D90: Núcleo Experimental de Iguaba | E90: Rod. Amaral Peixoto, Km 100 - Iguaba Grande - RJ
C91: 85 | D91: Fazenda Escola da Faculdade de Veterinária | E91: Rod. RJ 122, Km 32 - Funchal - Cachoeira de Macacu - RJ
B92: Complexo Volta Redonda | C92: 86 | D92: Escola de Engenharia Industrial e Metalúrgica de Volta Redonda | E92: Av. dos Trabalhadores, 420 - Volta Redonda - RJ
C93: 87 | D93: Instituto de Ciências Humanas e Sociais de VR | E93: Rua Desembargador Ellys Hermidyo Figueira 783 - Aterrado - Volta Redonda
C94: 88 | D94: Instituto de Ciências Exatas de VR | E94: Rua Desembargador Ellys Hermidyo Figueira 783 - Aterrado - Volta Redonda
B95: Complexo Angra dos Reis | C95: 89 | D95: Instituto de Educação de Angra dos Reis | E95: Av. do Trabalhador, 179 - Jacuecanga - Angra dos Reis
C96: 90 | D96: Angra dos Reis II | E96: Av. Vereador Benedito Adelino - Retiro, Angra dos Reis - RJ

Sheet Anexo II-B Salários
A1: PRÓ-REITORIA DE ADMINISTRAÇÃO
A2: COORDENAÇÃO DE CONTRATOS
A4: Anexo II - B - Composição dos salários
A5: Contratação de empresa para prestação de serviços continuados de Apoio Logístico, com regime de dedicação exclusiva de mão de obra, com fornecimento de materiais de reposição e atendimento da Universidade Federal Fluminense
A7: Item | B7: Descrição/Especificação | C7: CBO | D7: Quantidade de Pessoal | E7: CCT RJ1105/2025 | F7: CCT RJ 00738/2024
A8: 1 | B8: Almoxarife | C8: 4141-05 | D8: 10 | E8: 2465.73
A9: 2 | B9: Líder de Almoxarife | C9: 4141-05 | D9: 1 | E9: 2465.73
A10: 3 | B10: Auxiliar de Logística | C10: 4140-40 | D10: 17 | E10: 1837.88
A11: 4 | B11: Líder de Auxiliar de Logística | C11: 4140-40 | D11: 1 | E11: 1837.88
A12: 5 | B12: Copeiro | C12: 5134-25 | D12: 2 | E12: 1730.75
A13: 6 | B13: Líder de Copeiro | C13: 5134-25 | D13: 1 | E13: 1730.75
A14: 7 | B14: Auxiliar de Escriturário | C14: 4110-05 | D14: 16 | E14: 2338.69
A15: 8 | B15: Guardião de Piscina | C15: 5171-15 | D15: 1 | E15: 1730.75
A16: 9 | B16: Auxiliar de Mecânica | C16: 7250-10 | D16: 1 | E16: 1730.75
A17: 10 | B17: Agente Educacional | C17: 5153-25 | D17: 18 | E17: 1917.71
A18: 11 | B18: Auxiliar de desenvolvimento infantil | C18: 2394-10 | D18: 32 | E18: 3025.66
A19: 12 | B19: Cuidador de Alunos | C19: 5162-20 | D19: 15 | E19: 2061.07
A20: 13 | B20: Orientador Educacional | C20: 2394-10 | D20: 1 | E20: 3836.52
A21: 14 | B21: Encarregado Geral | C21: 7102-05 | D21: 1 | F21: 3976.85
A22: 15 | B22: Técnico em Manutenção | C22: 3131-30 | D22: 1 | F22: 3236.16
A23: 16 | B23: Bombeiro Hidráulico | C23: 7241-10 | D23: 1 | F23: 2380.35
A24: 17 | B24: Ajudante de Manutenção | C24: 7170-20 | D24: 1 | E24: 1730.75
A25: 18 | B25: Operador de Trator | C25: 7151-25 | D25: 1 | E25: 2208.16
A26: TOTAL | D26: =SUM(D8:D25) -> 121

Sheet Anexo II-C Distribuição Postos
A1: PRÓ-REITORIA DE ADMINISTRAÇÃO
A2: COORDENAÇÃO DE CONTRATOS
A4: Anexo II - A - DISTRIBUIÇÃO DOS POSTOS POR LOCALIDADE
A5: Contratação de empresa para prestação de serviços continuados de Apoio Logístico, com regime de dedicação exclusiva de mão de obra, com fornecimento de materiais de reposição e atendimento da Universidade Federal Fluminense
A7: Custo total da mão de obra (permanente)
A8: ORDEM | B8: DISCRIMINAÇÃO DO POSTO | C8: CBO | D8: QUANT POSTOS | E8: FUNCIONÁRIOS | F8: UNIDADE | G8: MUNICÍPIO
A9: 1 | B9: Almoxarife | C9: 4141-05 | D9: 4 | E9: =D9 -> 4 | F9: CMAT/AD | G9: Niterói
A10: 2 | B10: Almoxarife | C10: 4141-05 | D10: 1 | E10: =D10 -> 1 | F10: CAP/Plan | G10: Niterói
A11: 3 | B11: Almoxarife | C11: 4141-05 | D11: 1 | E11: =D11 -> 1 | F11: STI | G11: Niterói
A12: 4 | B12: Almoxarife | C12: 4141-05 | D12: 1 | E12: =D12 -> 1 | F12: CGRU/Proaes | G12: Niterói
A13: 5 | B13: Almoxarife | C13: 4141-05 | D13: 1 | E13: =D13 -> 1 | F13: CTSL/SOMA | G13: Niterói
A14: 6 | B14: Almoxarife | C14: 4141-05 | D14: 1 | E14: =D14 -> 1 | F14: CAF/Proppi | G14: Niterói
A15: 7 | B15: Almoxarife | C15: 4141-05 | D15: 1 | E15: =D15 -> 1 | F15: IEF | G15: Niterói
A16: 8 | B16: Líder de Almoxarife | C16: 4141-05 | D16: 1 | E16: =D16 -> 1 | F16: CMAT/AD | G16: Niterói
A17: 9 | B17: Auxiliar de Logística | C17: 4141-40 | D17: 10 | E17: =D17 -> 10 | F17: CMA/SOMA | G17: Niterói
A18: 10 | B18: Auxiliar de Logística | C18: 4141-40 | D18: 2 | E18: =D18 -> 2 | F18: CGRU/Proaes | G18: Niterói
A19: 11 | B19: Auxiliar de Logística | C19: 4141-40 | D19: 2 | E19: =D19 -> 2 | F19: Coluni | G19: Niterói
A20: 12 | B20: Auxiliar de Logística | C20: 4141-40 | D20: 1 | E20: 1 | F20: Proaes Rio das Ostras | G20: Rio das Ostras
A21: 13 | B21: Auxiliar de Logística | C21: 4141-40 | D21: 1 | E21: 1 | F21: Proaes Angra | G21: Angra dos Reis
A22: 14 | B22: Auxiliar de Logística | C22: 4141-40 | D22: 1 | E22: 1 | F22: Proad | G22: Niterói
A23: 15 | B23: Líder de Aux. Logística | C23: 4141-40 | D23: 1 | E23: =D23 -> 1 | F23: CMA/SOMA | G23: Niterói
A24: 16 | B24: Copeiro | C24: 5134-25 | D24: 2 | E24: 2 | F24: Gabinete Reitor | G24: Niterói
A25: 17 | B25: Copeiro Líder | C25: 5134-25 | D25: 1 | E25: 1 | F25: Gabinete Reitor | G25: Niterói
A26: 18 | B26: Auxiliar de Escriturário | C26: 4110-05 | D26: 4 | E26: =D26 -> 4 | F26: Proger | G26: Niterói
A27: 19 | B27: Auxiliar de Escriturário | C27: 4110-05 | D27: 4 | E27: =D27 -> 4 | F27: Huvet | G27: Niterói
A28: 20 | B28: Auxiliar de Escriturário | C28: 4110-05 | D28: 3 | E28: =D28 -> 3 | F28: Eduff | G28: Niterói
A29: 21 | B29: Auxiliar de Escriturário | C29: 4110-05 | D29: 3 | E29: =D29 -> 3 | F29: CGRU/Proaes | G29: Niterói
A30: 22 | B30: Auxiliar de Escriturário | C30: 4110-05 | D30: 1 | E30: =D30 -> 1 | F30: SOMA | G30: Niterói
A31: 23 | B31: Auxiliar de Escriturário | C31: 4110-05 | D31: 1 | E31: =D31 -> 1 | F31: Proad | G31: Niterói
A32: 24 | B32: Guardião de Piscina | C32: 5171-15 | D32: 1 | E32: =D32 -> 1 | F32: IEF | G32: Niterói
A33: 25 | B33: Auxiliar de Mecânica | C33: 7250-10 | D33: 1 | E33: 1 | F33: IQ | G33: Niterói
A34: 26 | B34: Agente Educacional | C34: 5153-25 | D34: 18 | E34: 18 | F34: Coluni | G34: Niterói
A35: 27 | B35: Auxiliar de desenvolvimento infantil | C35: 2394-10 | D35: 32 | E35: 32 | F35: Coluni | G35: Niterói
A36: 28 | B36: Cuidador de Alunos | C36: 5162-20 | D36: 15 | E36: 15 | F36: Coluni e Proaes | G36: Estado RJ
A37: 29 | B37: Orientador Educacional | C37: 2394-10 | D37: 1 | E37: 1 | F37: Coluni | G37: Niterói
A38: 30 | B38: Encarregado Geral | C38: 7102-05 | D38: 1 | E38: 1 | F38: CGRU/Proaes | G38: Niterói
A39: 31 | B39: Técnico em Manutenção | C39: 3131-30 | D39: 1 | E39: 1 | F39: CGRU/Proaes | G39: Niterói
A40: 32 | B40: Bombeiro Hidráulico | C40: 7241-10 | D40: 1 | E40: 1 | F40: CGRU/Proaes | G40: Niterói
A41: 33 | B41: Ajudante de Manutenção | C41: 7170-20 | D41: 1 | E41: 1 | F41: CGRU/Proaes | G41: Niterói
A42: 34 | B42: Operador de Trator | C42: 7151-25 | D42: 1 | E42: 1 | F42: SOMA | G42: Niterói
A43: TOTAL | D43: =SUM(D9:D42) -> 121 | E43: =SUM(E9:E42) -> 121

Sheet Anexo III-A Equip.
A1: PRÓ-REITORIA DE ADMINISTRAÇÃO
A2: COORDENAÇÃO DE CONTRATOS
A4: Anexo III - A - PLANILHA DE COMPOSIÇÃO DE CUSTOS E FORMAÇÃO DE PREÇOS (Anexo VII da I.N. da SLTI/MPOG n.º 5 de 26/Maio/2017
A5: Contratação de empresa para prestação de serviços continuados de Apoio Logístico, com regime de dedicação exclusiva de mão de obra, com fornecimento de materiais de reposição e atendimento da Universidade Federal Fluminense
A7: Disponibilização de Equipamentos para os postos de Líder de Almoxarife
A8: Item | B8: Descrição | D8: Qnt | E8: Valor unitário | F8: Valor Total
A9: 1 | B9: Contratação de serviço para controle de ponto eletrônico, através de software, a ser instalado em computador convencional, sem necessidade de relógio físico específico, com as seguintes especificações mínimas: software de controle de ponto eletrônico, com suporte mínimo a 30 (trinta) colaboradores, controle biométrico, com solução de gestão e controle da jornada, notificações de atrasos, horas extras, alerta de suspeita de fraudes, bloqueio da batida em razão de férias, licença ou desligamento, com custódia dos arquivos de ponto em servidores na nuvem, apto à instalação em aparelho de computação com suporte ao sistema operacional Windows e celulares com sistema android e ios. Incluso treinamento, configuração e suporte. | D9: 1 | E9: 2155.67 | F9: =E9*D9 -> 2155.67
A10: Total da Solução | F10: =SUM(F9:F9) -> 2155.67
A11: Total dos equipamentos por mês posto Líder de Almoxarife | F11: =F10/12 -> 179.63917

Sheet Anexo III-B Uniformes
A1: PRÓ-REITORIA DE ADMINISTRAÇÃO
A2: COORDENAÇÃO DE CONTRATOS
A4: Anexo III - B - PLANILHA DE COMPOSIÇÃO DE CUSTOS E FORMAÇÃO DE PREÇOS
A5: Contratação de empresa para prestação de serviços continuados de Apoio Logístico, com regime de dedicação exclusiva de mão de obra, com fornecimento de materiais de reposição e atendimento da Universidade Federal Fluminense
A8: COMPOSIÇÃO DE CUSTO DE UNIFORME PARA OS CARGOS DE ALMOXARIFAE, LÍDER E AUXILIAR DE LOGÍSTICA E LÍDER (ITEM 1 A 4)
A9: ITEM | B9: DISCRIMINAÇÃO UNIFORME | C9: QUANT. ANUAL POR FUNCIONÁRIO | D9: VALOR UNITÁRIO | E9: VALOR TOTAL
A10: 1 | B10: Jalecos: operacional tradicional, em tecido Oxford, manga longa com dois bolsos inferiores, gola e manga com bico, com logomarca; | C10: 2 | D10: 44.2 | E10: =D10*C10 -> 88.4
A11: 2 | B11: Blusas/camisetas: operacional tradicional, em tecido de algodão, na cor azul manga curta, com destaque nas costas escrito A SERVIÇO DA UFF, e brasão/emblema da contratada. | C11: 4 | D11: 33.57 | E11: =D11*C11 -> 134.28
A12: 3 | B12: Calças: operacional tradicional, em tecido Oxford, com elástico e cordão, um bolso traseiro e dois dianteiros. | C12: 4 | D12: 39.66 | E12: =D12*C12 -> 158.64
A13: 4 | B13: Meias: meia adulto, em tecido poliéster na cor preta. | C13: 8 | D13: 9.64 | E13: =D13*C13 -> 77.12
A14: 5 | B14: Luva de vaqueta de couro mista, cano curto (PAR) | C14: 4 | D14: 16.96 | E14: =D14*C14 -> 67.84
A15: 6 | B15: Crachá funcional, em pvc, com foto, nome e cargo. | C15: 1 | D15: 8.96 | E15: =D15*C15 -> 8.96
A16: 7 | B16: Capacete de Segurança com jugular, tipo A | C16: 2 | D16: 18.23 | E16: =D16*C16 -> 36.46
A17: 8 | B17: Capa de chuva plástica, com faixas fluorescentes, material pvc, uso profissional. | C17: 2 | D17: 17.33 | E17: =D17*C17 -> 34.66
A18: 9 | B18: Cinta lombar ergonômica | C18: 2 | D18: 29.9 | E18: =D18*C18 -> 59.8
A19: 10 | B19: PROTETOR AURICULAR, TIPO CONCHA DUPLA, MATERIAL ABS- ACRILONITRILE/BUTADIENE/ STIRENE, MATERIAL HASTE AÇO INOXIDÁVEL, MATERIAL ALMOFADA ESPUMA, CARACTERÍSTICAS ADICIONAIS CINTA REGULÁVEL E FECHO DE VELCRO - PROTETOR AURICULAR, TIPO CONCHA DUPLA, MATERIAL ABS- ACRILONITRILE/BUTADIENE/ STIRENE, MATERIAL HASTE AÇO INOXIDÁVEL, MATERIAL ALMOFADA ESPUMA, CARACTERÍSTICAS ADICIONAIS CINTA REGULÁVEL E FECHO DE VELCRO | C19: 2 | D19: 19.33 | E19: =D19*C19 -> 38.66
A20: 11 | B20: Óculos de segurança incolor para proteção dos olhos contra impactos de partículas volantes e contra raios ultravioletas | C20: 4 | D20: 3.06 | E20: =D20*C20 -> 12.24
A21: 12 | B21: Máscara de Proteção tipo PFF2. Caixa com 100 unidades | C21: 4 | D21: 26.85 | E21: =D21*C21 -> 107.4
A22: 13 | B22: Sapatos: operacional tradicional, fechado, cor preta, solado antiderrapante | C22: 4 | D22: 45.74 | E22: =D22*C22 -> 182.96
A23: Valor anual por funcionário | E23: =SUM(E10:E22) -> 1007.42
A24: Valor mensal por funcionário | E24: =E23/12 -> 83.951667
A25: Obs.: Quantidade estimada por ano, sendo 1 conjunto composto de 1 jaleco, 2 blusas, 2 calças, 2 pares de luvas, 4 pares de meia e 1 sapato entregue na admissão e outro após 6 meses, ou quando apresentarem defeito ou desgastes, independente do prazo mínimo estabelecido, conforme Cláusula 53ª da CCT.
A27: COMPOSIÇÃO DE CUSTO DE UNIFORME PARA OS CARGOS DE COPEIRO
A28: ITEM | B28: DISCRIMINAÇÃO UNIFORME | C28: QUANT. ANUAL POR FUNCIONÁRIO | D28: VALOR UNITÁRIO | E28: VALOR TOTAL
A29: 1 | B29: Calça comprida com zíper de gabardine ou microfibra. | C29: 4 | D29: 42.6 | E29: =D29*C29 -> 170.4
A30: 2 | B30: Blusa tipo camisa com botões, em gabardine ou microfibra e emblema da empresa no lado esquerdo superior, manga curta. | C30: 4 | D30: 65.57 | E30: =D30*C30 -> 262.28
A31: 3 | B31: Touca de filó com aba (Pacote com 100 Unid) | C31: 4 | D31: 10.72 | E31: =D31*C31 -> 42.88
A32: 4 | B32: Meia social (longa) | C32: 4 | D32: 22.92 | E32: =D32*C32 -> 91.68
A33: 5 | B33: Calçado em couro, tipo mocassim, fechado, salto de até 3 cm ou sapatilha em couro, antiderrapantes. | C33: 4 | D33: 53.68 | E33: =D33*C33 -> 214.72
A34: 6 | B34: Crachá funcional, em pvc, com foto, nome e cargo. | C34: 1 | D34: 8.96 | E34: =D34*C34 -> 8.96
A35: 7 | B35: Avental, em oxford ou tergal, com amarras dos lados. | C35: 4 | D35: 20.62 | E35: =D35*C35 -> 82.48
A36: Valor anual por funcionário | E36: =SUM(E29:E35) -> 873.4
A37: Valor mensal por funcionário | E37: =E36/12 -> 72.783333
A38: Obs.: Quantidade estimada por ano, sendo 1 conjunto composto de 2 blusas, 2 calças, 2 toucas, 2 pares de meia, 2 calçados e 2 aventais entregue na admissão e outro após 6 meses, ou quando apresentarem defeito ou desgastes, independente do prazo mínimo estabelecido, conforme Cláusula 53ª da CCT.
A40: COMPOSIÇÃO DE CUSTO DE UNIFORME PARA OS CARGOS DE GUARDIÃO DE PISCINA
A41: ITEM | B41: DISCRIMINAÇÃO UNIFORME | C41: QUANT. ANUAL POR FUNCIONÁRIO | D41: VALOR UNITÁRIO | E41: VALOR TOTAL
A42: 1 | B42: REGATA GUARDA-VIDAS - ESTAMPADA NAS COSTAS E BORDADO NA FRENTE - TECIDO KACHARREL. | C42: 4 | D42: 21.82 | E42: =D42*C42 -> 87.28
A43: 2 | B43: Boné Bordado Tecido Ripstop vermelho c/ bordado guarda-vidas. | C43: 2 | D43: 26.25 | E43: =D43*C43 -> 52.5
A44: 3 | B44: Sunga c/ bordado PET guarda- vidas. Possui modelagem slip e cós elástico. Material: Poliamida Composição: 84% Poliamida e 16% elastano. Cor: Vermelho | C44: 2 | D44: 24.96 | E44: =D44*C44 -> 49.92
A45: 4 | B45: Crachá funcional, em pvc, com foto, nome e cargo. | C45: 1 | D45: 8.96 | E45: =D45*C45 -> 8.96
A46: 5 | B46: Short Guarda-Vidas, na cor vermelha. Tecido: Dry- Fit Bordado: Guarda vidas e seu brasão. Elástico e Cordão para melhor ajuste. | C46: 4 | D46: 18.5 | E46: =D46*C46 -> 74
A47: Valor anual por funcionário | E47: =SUM(E42:E46) -> 272.66
A48: Valor mensal por funcionário | E48: =E47/12 -> 22.721667
A49: Obs.: Quantidade estimada por ano, sendo 1 conjunto composto de 2 regatas, 1 boné, 1 sunga e 2 shorts entregue na admissão e outro após 6 meses, ou quando apresentarem defeito ou desgastes, independente do prazo mínimo estabelecido, conforme Cláusula 53ª da CCT.
A51: COMPOSIÇÃO DE CUSTO DE UNIFORME PARA OS CARGOS DE AGENTE EDUCACIONAL, MEDIADOR DE ALUNOS, CUIDADOR DE ALUNOS, Profissional Apoio Escolar na Educação Inclusiva
A52: ITEM | B52: DISCRIMINAÇÃO UNIFORME | C52: QUANT. ANUAL POR FUNCIONÁRIO | D52: VALOR UNITÁRIO | E52: VALOR TOTAL
A53: 1 | B53: Crachá funcional, em pvc, com foto, nome e cargo. | C53: 1 | D53: 8.96 | E53: =D53*C53 -> 8.96
A54: 2 | B54: Camiseta gola pólo em tecido 100% algodão, na cor branca, com destaque nas costas escrito A SERVIÇO DA UFF, e brasão/emblema da contratada. | C54: 4 | D54: 49.17 | E54: =D54*C54 -> 196.68
A55: Valor anual por funcionário | E55: =SUM(E53:E54) -> 205.64
A56: Valor mensal por funcionário | E56: =E55/12 -> 17.136667
A57: Obs.: Quantidade estimada por ano, sendo 2 camisetas entregues na admissão e outras 2 após 6 meses, ou quando apresentarem defeito ou desgastes, independente do prazo mínimo estabelecido, conforme decisão Administrativa e Cláusula 53ª da CCT.
A59: COMPOSIÇÃO DE CUSTO DE UNIFORME PARA OS CARGOS DE AUX. MECÂNICA, AUX. ESCRITURÁRIO
A60: ITEM | B60: DISCRIMINAÇÃO UNIFORME | C60: QUANT. ANUAL POR FUNCIONÁRIO | D60: VALOR UNITÁRIO | E60: VALOR TOTAL
A61: 1 | B61: Crachá funcional, em pvc, com foto, nome e cargo. | C61: 1 | D61: 8.96 | E61: =D61*C61 -> 8.96
A62: Valor anual por funcionário | E62: =SUM(E61:E61) -> 8.96
A63: Valor mensal por funcionário | E63: =E62/12 -> 0.74666667
A65: COMPOSIÇÃO DE CUSTO DE UNIFORME PARA TODOS OS POSTOS DE ENCARREGADO E TÉCNICO DE MANUTENÇÃO
A66: ITEM | B66: DISCRIMINAÇÃO UNIFORME | C66: ITEM | D66: QUANT.INICIAL | E66: QT. SEMESTRE | F66: QUANT. ANUAL | G66: VALOR UNITÁRIO | H66: VALOR TOTAL
A67: 1 | B67: Calça comprida, material brim, modelo unissex, com elástico e cordão na cintura, 2 bolsos laterais e 2 traseiros | C67: unid. | D67: 3 | E67: 3 | F67: 6 | G67: 40.86 | H67: =G67*F67 -> 245.16
B68: Camiseta, material 100% algodão, tipo manga curta, gola redonda, identificada com logomarca da empresa os dizeres A SERVIÇO DA UFF | C68: unid. | D68: 3 | E68: 3 | F68: 6 | G68: 19.42 | H68: =G68*F68 -> 116.52
B69: Capa de chuva plástica, com faixas fluorescentes, material pvc, uso profissional. | C69: unid. | D69: 1 | E69: 1 | F69: 2 | G69: 17.33 | H69: =G69*F69 -> 34.66
B70: Crachá funcional, em pvc, com foto, nome e cargo. | C70: unid. | D70: 1 | E70: 0 | F70: 1 | G70: 4.11 | H70: =G70*F70 -> 4.11
A71: 2 | B71: Jaleco profissional em brim leve, manga curta, fechamento com botões, com um bolso frontal, gola esporte e com logomarca da empresa. | C71: unid. | D71: 2 | E71: 2 | F71: 4 | G71: 51.6 | H71: =G71*F71 -> 206.4
B72: Par de meia, mínimo de 70% algodão, cano médio | C72: unid. | D72: 5 | E72: 5 | F72: 10 | G72: 10.55 | H72: =G72*F72 -> 105.5
B73: Boné com proteção de pescoço | C73: unid. | D73: 1 | E73: 0 | F73: 1 | G73: 9.87 | H73: =G73*F73 -> 9.87
B74: Bota de Segurança para eletricista confeccionada em couro, sem componentes metálicos, com biqueira de composite e solado em PU bidensidade injetado | C74: unid. | D74: 1 | E74: 0 | F74: 1 | G74: 122.31 | H74: =G74*F74 -> 122.31
B75: Capacete de segurança classe B aba total , com jugular (UN) | C75: unid. | D75: 1 | E75: 0 | F75: 1 | G75: 32.33 | H75: =G75*F75 -> 32.33
B76: Cinto de segurança, tipo PQD, com regulagem de cintura, coxas e suspensório e com 3 argolas (UN) | C76: unid. | D76: 1 | E76: 0 | F76: 1 | G76: 154.55 | H76: =G76*F76 -> 154.55
B77: Luva de algodão tricotada pigmentada (PAR) | C77: unid. | D77: 2 | E77: 1 | F77: 3 | G77: 2.59 | H77: =G77*F77 -> 7.77
B78: Luva de segurança de tipo cobertura, em vaqueta e raspa (PAR) | C78: unid. | D78: 1 | E78: 0 | F78: 1 | G78: 10.41 | H78: =G78*F78 -> 10.41
B79: Luva isolante para eletricista, classe 0, máxima tensão de uso 1.000V (PAR) | C79: unid. | D79: 1 | E79: 0 | F79: 1 | G79: 215.33 | H79: =G79*F79 -> 215.33
B80: Óculos de segurança incolor para proteção dos olhos contra impactos de partículas volantes e contra raios ultravioletas | C80: unid. | D80: 1 | E80: 0 | F80: 1 | G80: 3.06 | H80: =G80*F80 -> 3.06
B81: Protetor auditivo do tipo inserção pré-moldado, de silicone com cordão | C81: unid. | D81: 1 | E81: 0 | F81: 1 | G81: 0.89 | H81: =G81*F81 -> 0.89
B82: Protetor Facial contra arco elétrico para uso em conjunto com o capacete de segurança, classe B, tipo II | C82: unid. | D82: 1 | E82: 0 | F82: 1 | G82: 20.75 | H82: =G82*F82 -> 20.75
B83: Talabarte duplo para cinto de segurança com elástico e absorvedor de energia (UN) | C83: unid. | D83: 1 | E83: 0 | F83: 1 | G83: 125.2 | H83: =G83*F83 -> 125.2
B84: Trava queda para corda até 12mm (UN) | C84: unid. | D84: 1 | E84: 0 | F84: 1 | G84: 123.33 | H84: =G84*F84 -> 123.33
B85: Valor anual por funcionário | H85: =SUM(H67:H84) -> 1538.15
B86: Valor mensal por funcionário | H86: =H85/12 -> 128.17917
A89: COMPOSIÇÃO DE CUSTO DE UNIFORME PARA TODOS OS POSTOS DE AJUDANTE
A90: ITEM | B90: DISCRIMINAÇÃO UNIFORME | C90: ITEM | D90: QUANT.INICIAL | E90: QT. SEMESTRE | F90: QUANT. ANUAL | G90: VALOR UNITÁRIO | H90: VALOR TOTAL
A91: 1 | B91: Camiseta Golo Polo Branco, 100% algodão, com emblema da empresa fixado no bolso, e a Informação A SERVIÇO DA UFF, na parte de trás | C91: unid. | D91: 3 | E91: 3 | F91: 6 | G91: 40.86 | H91: =G91*F91 -> 245.16
A92: 2 | B92: Calça comprida, material brim, modelo unissex, com elástico e cordão na cintura, 2 bolsos laterais e 2 traseiros | C92: unid. | D92: 3 | E92: 3 | F92: 6 | G92: 19.42 | H92: =G92*F92 -> 116.52
A93: 3 | B93: Par de meia, mínimo de 70% algodão, cano médio | C93: par | D93: 5 | E93: 5 | F93: 10 | G93: 17.33 | H93: =G93*F93 -> 173.3
A94: 4 | B94: Capa de chuva plástica, com faixas fluorescentes, material pvc, uso profissional. | C94: unid. | D94: 1 | E94: 0 | F94: 1 | G94: 4.11 | H94: =G94*F94 -> 4.11
A95: 5 | B95: Jaleco profissional em brim leve, manga curta, fechamento com botões, com um bolso frontal, gola esporte e com logomarca da empresa. | C95: unid. | D95: 1 | E95: 0 | F95: 4 | G95: 51.6 | H95: =G95*F95 -> 206.4
A96: 6 | B96: Crachá com cordão e fototransparente. | C96: unid. | D96: 1 | E96: 0 | F96: 1 | G96: 10.55 | H96: =G96*F96 -> 10.55
A97: 7 | B97: Avental de raspa (UN) | C97: unid. | D97: 1 | E97: 0 | F97: 1 | G97: 29.87 | H97: =G97*F97 -> 29.87
A98: 8 | B98: Boné com proteção de pescoço | C98: unid. | D98: 1 | E98: 0 | F98: 1 | G98: 9.87 | H98: =G98*F98 -> 9.87
A99: 9 | B99: Bota de PVC cano longo (PAR) | C99: unid. | D99: 1 | E99: 0 | F99: 1 | G99: 33.51 | H99: =G99*F99 -> 33.51
A100: 10 | B100: Botina de segurança com elástico coberto, cabedal confeccionado em couro curtido ao cromo, com forração em sintético, solado de PU, Bi densidade, injetado diretamente ao cabedal. Marca Marluvas ou similar. (PAR) | C100: unid. | D100: 1 | E100: 0 | F100: 1 | G100: 36.9 | H100: =G100*F100 -> 36.9
A101: 11 | B101: Capacete de segurança classe A, com jugular (UN) | C101: unid. | D101: 1 | E101: 0 | F101: 1 | G101: 41.63 | H101: =G101*F101 -> 41.63
A102: 12 | B102: Cinto de segurança, tipo PQD, com regulagem de cintura, coxas e suspensório e com 3 argolas (UN) | C102: unid. | D102: 1 | E102: 0 | F102: 1 | G102: 154.55 | H102: =G102*F102 -> 154.55
... A117: 27 | B117: Trava queda para corda até 12mm (UN) | C117: unid. | D117: 1 | E117: 0 | F117: 1 | G117: 123.33 | H117: =G117*F117 -> 123.33
B118: Valor anual por funcionário | H118: =SUM(H91:H117) -> 1851.35
B119: Valor mensal por funcionário | H119: =H118/12 -> 154.27917
A121: 1. UNIFORME: BOMBEIRO HIDRÁULICO
A122: Item | B122: Descrição | C122: Quantidade Anual | D122: Unidade | E122: Custo | G122: Conjunto de uniforme
E123: Unitário | F123: Total Anual por Funcionário
A124: 1.1 | B124: Calça comprida, material brim, modelo unissex, com elástico e cordão na cintura, 2 bolsos laterais e 2 traseiros | C124: 6 | D124: unid. | E124: 40.86 | F124: =E124*C124 -> 245.16 | G124: Cada conjunto de uniforme será composto por: 3 calças, 3 camisetas, 5 pares de meia, 1 capa de chuva, 2 jalecos e 1 crachá.
A125: 1.2 | B125: Camiseta, material 100% algodão, tipo manga curta, gola redonda, identificada com logomarca da empresa os dizeres A SERVIÇO DA UFF | C125: 6 | D125: unid. | E125: 19.42 | F125: =E125*C125 -> 116.52
...

Sheet Anexo III-C Materiais
A1: PRÓ-REITORIA DE ADMINISTRAÇÃO
A2: COORDENAÇÃO DE CONTRATOS
A4: Anexo III - C - PLANILHA DE COMPOSIÇÃO DE CUSTOS E FORMAÇÃO DE PREÇOS (Anexo VII da I.N. da SLTI/MPOG n.º 5 de 26/Maio/2017
A5: Contratação de empresa para prestação de serviços continuados de Apoio Logístico, com regime de dedicação exclusiva de mão de obra, com fornecimento de materiais de reposição e atendimento da Universidade Federal Fluminense
A7: COMPOSIÇÃO DE CUSTO DE MATERIAL -COPEIRO
A8: Quantitativo mensal máximo a ser fornecido por posto
A9: ITEM | B9: DISCRIMINAÇÃO | C9: QUANT. | D9: UNIDADE | E9: VALOR UNITÁRIO | F9: PARCIAL MENSAL
A10: 1 | B10: Esponja antibactéria para limpeza, dupla face formato retangular (bucha) | C10: 1 | D10: pct 4 und | E10: 6.48 | F10: =E10*C10 -> 6.48
A11: 2 | B11: Detergente líquido neutro, desengordurante garrafa com 500 ml | C11: 6 | D11: unid. | E11: 3.93 | F11: =E11*C11 -> 23.58
A12: 3 | B12: Pano para limpeza multiuso com furos 60x33 cm | C12: 2 | D12: pct 5 und | E12: 5.1 | F12: =E12*C12 -> 10.2
A13: 4 | B13: PANO LIMPEZA, MATERIAL MICROFIBRA. COMPRIMENTO 60 CM LARGURA 40 CM CARACTERÍSTICAS ADICIONAIS ALTO GRAU ABSORÇÃO APLICAÇÃO USO GERAL TIPO TOALHA | C13: 4 | D13: unid. | E13: 10.2 | F13: =E13*C13 -> 40.8
A14: 5 | B14: Saco de lixo de plástico reforçado com alça preto, com capacidade de 100 litros. | C14: 1 | D14: pct 100 unid | E14: 29.29 | F14: =E14*C14 -> 29.29
A15: 7 | B15: Saco alvejado para limpeza de chão 90% algodão - pano de chão 42 x 72 cm | C15: 2 | D15: unid. | E15: 7.03 | F15: =E15*C15 -> 14.06
A16: 9 | B16: Alcool líquido 70º INPM com 1 litro | C16: 2 | D16: unid. | E16: 4.47 | F16: =E16*C16 -> 8.94
A17: 10 | B17: Coador de café de flanela 100% de algodão, com cabo de madeira, aro de metal, arame galvanizado, diâmetro de 130 mm - Coador para maquina indristrial de café tamanho M | C17: 2 | D17: unid. | E17: 10.96 | F17: =E17*C17 -> 21.92
A18: 11 | B18: Desinfetante pinho para limpar e desinfetar o ambiente, em recipiente de 500 ml | C18: 2 | D18: unid. | E18: 7.05 | F18: =E18*C18 -> 14.1
A19: 13 | B19: Sabão de côco em barra de 200 g | C19: 1 | D19: pct 5 und | E19: 8.19 | F19: =E19*C19 -> 8.19
A20: 14 | B20: Guardanapos de papel 33 x 30 mm, pacote com 50 unidades | C20: 10 | D20: pacote | E20: 3.25 | F20: =E20*C20 -> 32.5
A21: 15 | B21: Copo de plástico descartável para água de 200 ml, pacote com 100 unidades | C21: 5 | D21: pacote | E21: 4.48 | F21: =E21*C21 -> 22.4
A22: 16 | B22: Copo de plástico descartável para café de 50 ml, pacote com 100 unidades | C22: 5 | D22: pacote | E22: 2.15 | F22: =E22*C22 -> 10.75
A23: 17 | B23: Café em pó homogêneo, torrado e moído, de qualidade tipo “Superior”, condicionado em embalagem a vácuo puro aluminizada, validade de prazo mínimo de 1 ano, sendo extra forte. Sugestão: Melitta, Pilão ou similar | C23: 22 | D23: pct 500g | E23: =AVERAGE(39.98,37.99,39.99) -> 39.32 | F23: =E23*C23 -> 865.04
A24: 18 | B24: Açúcar, tipo refinado, origem vegetal, sacarose de cana de açúcar, aplicação adoçante, característica adicional de 1ª qualidade. | C24: 3 | D24: kilo | E24: 4.76 | F24: =E24*C24 -> 14.28
A25: 19 | B25: Adoçante, tipo sucralose, com bico dosador (100ml). | C25: 1 | D25: frasco 100 ml | E25: 9.58 | F25: =E25*C25 -> 9.58
A26: Valor total mensal por funcionário | F26: =SUM(F10:F25) -> 1132.11
A27: Valor total anual | F27: =12*F26 -> 13585.32
A28: Valor total mensal por funcionário Líder de Copeiro | F28: =F26 -> 1132.11
A30: COMPOSIÇÃO DE CUSTO DE MATERIAL -ENCARREGADO GERAL
A31: Quantitativo mensal máximo a ser fornecido por posto
A32: ITEM | B32: DISCRIMINAÇÃO | C32: QUANT. | D32: UNIDADE | E32: VALOR UNITÁRIO | F32: PARCIAL MENSAL
A33: 1 | B33: Verba para aquisição de materiais de consumo para manutenção, como fio, termostatos, capacitores, fitas, canos, ferramentas e outros. VALOR FIXO, NÃO DEVE SER REDUZIDO SOB PENA DE RECUSA DA PROPOSTA. Conforme TR o valor só será pago pela UFF, se comprovado o abastecimento mensal. | C33: 1 | D33: unid | E33: 1500 | F33: =E33*C33 -> 1500
A34: Valor total mensal por funcionário | F34: =SUM(F33:F33) -> 1500
A35: Valor total anual | F35: =12*F34 -> 18000
A36: Valor total mensal por funcionário Encarregado Geral | F36: =F34 -> 1500

Sheet An IV A Custo G1
A1: PRÓ-REITORIA DE ADMINISTRAÇÃO
A2: COORDENAÇÃO DE CONTRATOS
A4: Anexo IV-A - FORMAÇÃO CUSTOS POSTOS GRUPO 1
A5: Contratação de empresa para prestação de serviços continuados de Apoio Logístico, com regime de dedicação exclusiva de mão de obra, com fornecimento de materiais de reposição e atendimento da Universidade Federal Fluminense
A6: MÃO-DE-OBRA VINCULADA À EXECUÇÃO CONTRATUAL
A7: Dados para composição dos custos referentes a mão de obra
A8: Regime tributário da Licitante | C8: Documento Comprobatório *Anexar Comprovante
A11: ACT/CCT/DCT inclusive aditivos se houver
A12: Entidade Sindical da Empresa
A13: Entidade Sindical dos Empregados
A14: Número de Registro
A15: Início Vigência
A16: Fim Vigência
A18: Descrição Cargos
A19: Dias/Mês | B19: Posto | C19: CBO | D19: Salário
A20: 20.88 | B20: ='Anexo II-B Salários'!B8 -> Almoxarife | C20: ='Anexo II-B Salários'!C8 -> 4141-05 | D20: ='Anexo II-B Salários'!E8 -> 2465.73
A21: 20.88 | B21: ='Anexo II-B Salários'!B9 -> Líder de Almoxarife | C21: ='Anexo II-B Salários'!C9 -> 4141-05 | D21: ='Anexo II-B Salários'!E9 -> 2465.73
A22: 20.88 | B22: ='Anexo II-B Salários'!B10 -> Auxiliar de Logística | C22: ='Anexo II-B Salários'!C10 -> 4140-40 | D22: ='Anexo II-B Salários'!E10 -> 1837.88
A23: 20.88 | B23: ='Anexo II-B Salários'!B11 -> Líder de Auxiliar de Logística | C23: ='Anexo II-B Salários'!C11 -> 4140-40 | D23: ='Anexo II-B Salários'!E11 -> 1837.88
A24: 20.88 | B24: ='Anexo II-B Salários'!B12 -> Copeiro | C24: ='Anexo II-B Salários'!C12 -> 5134-25 | D24: ='Anexo II-B Salários'!E12 -> 1730.75
A25: 20.88 | B25: ='Anexo II-B Salários'!B13 -> Líder de Copeiro | C25: ='Anexo II-B Salários'!C13 -> 5134-25 | D25: ='Anexo II-B Salários'!E13 -> 1730.75
A26: 20.88 | B26: ='Anexo II-B Salários'!B14 -> Auxiliar de Escriturário | C26: ='Anexo II-B Salários'!C14 -> 4110-05 | D26: ='Anexo II-B Salários'!E14 -> 2338.69
A27: 20.88 | B27: ='Anexo II-B Salários'!B15 -> Guardião de Piscina | C27: ='Anexo II-B Salários'!C15 -> 5171-15 | D27: ='Anexo II-B Salários'!E15 -> 1730.75
A28: 20.88 | B28: ='Anexo II-B Salários'!B16 -> Auxiliar de Mecânica | C28: ='Anexo II-B Salários'!C16 -> 7250-10 | D28: ='Anexo II-B Salários'!E16 -> 1730.75
A30: MÓDULO 1 : COMPOSIÇÃO DA REMUNERAÇÃO | D30: =B20 -> Almoxarife | E30: =B21 -> Líder de Almoxarife | F30: =B22 -> Auxiliar de Logística | G30: =B23 -> Líder de Auxiliar de Logística | H30: =B24 -> Copeiro | I30: =B25 -> Líder de Copeiro | J30: =B26 -> Auxiliar de Escriturário | K30: =B27 -> Guardião de Piscina | L30: =B28 -> Auxiliar de Mecânica
A31: 1 | B31: Composição da Remuneração | D31: Valor(R$) | E31: Valor(R$) | F31: Valor(R$) | G31: Valor(R$) | H31: Valor(R$) | I31: Valor(R$) | J31: Valor(R$) | K31: Valor(R$) | L31: Valor(R$)
A32: A | B32: Salário Base | D32: =D20 -> 2465.73 | E32: =D21 -> 2465.73 | F32: =D22 -> 1837.88 | G32: =D23 -> 1837.88 | H32: =D24 -> 1730.75 | I32: =D25 -> 1730.75 | J32: =D26 -> 2338.69 | K32: =D27 -> 1730.75 | L32: =D28 -> 1730.75
A33: B | B33: Adicional de Periculosidade
A34: C | B34: Adicional de Insalubridade (20% Grau médio NR 15) | D34: =20%*D32 -> 493.146 | E34: =20%*E32 -> 493.146 | F34: =20%*F32 -> 367.576 | G34: =20%*G32 -> 367.576
A35: D | B35: Adicional Noturno
A36: E | B36: Adicional de Hora Noturna Reduzida
A37: F | B37: Gratificação Liderança (15% ou 30%) (Cláusula 16ª CCT) | E37: =15%*1610 -> 241.5 | G37: =15%*1610 -> 241.5 | I37: =15%*1610 -> 241.5
B38: Total de Remuneração | D38: =SUM(D32:D37) -> 2958.876 | E38: =SUM(E32:E37) -> 3200.376 | F38: =SUM(F32:F37) -> 2205.456 | G38: =SUM(G32:G37) -> 2446.956 | H38: =SUM(H32:H37) -> 1730.75 | I38: =SUM(I32:I37) -> 1972.25 | J38: =SUM(J32:J37) -> 2338.69 | K38: =SUM(K32:K37) -> 1730.75 | L38: =SUM(L32:L37) -> 1730.75
A40: MÓDULO 2: ENCARGOS E BENEFÍCIOS ANUAIS, MENSAIS E DIÁRIOS | D40: Almoxarife | E40: Líder de Almoxarife | F40: Auxiliar de Logística | G40: Líder de Auxiliar de Logística | H40: Copeiro | I40: Líder de Copeiro | J40: Auxiliar de Escriturário | K40: Guardião de Piscina | L40: Auxiliar de Mecânica
A41: Submódulo 2.1 - 13º (décimo terceiro) Salário, Férias e Adicional de Férias | D41: Valor(R$) | E41: Valor(R$) | F41: Valor(R$) | G41: Valor(R$) | H41: Valor(R$) | I41: Valor(R$) | J41: Valor(R$) | K41: Valor(R$) | L41: Valor(R$)
A42: A | B42: 13º (décimo terceiro) Salário | D42: =D38*8.33% -> 246.47437 | E42: =E38*8.33% -> 266.59132 | F42: =F38*8.33% -> 183.71448 | G42: =G38*8.33% -> 203.83143 | H42: =H38*8.33% -> 144.17147 | I42: =I38*8.33% -> 164.28842 | J42: =J38*8.33% -> 194.81288 | K42: =K38*8.33% -> 144.17147 | L42: =L38*8.33% -> 144.17147
A43: B | B43: Férias e Adicional de Férias | D43: =D38*12.1% -> 358.024 | E43: =E38*12.1% -> 387.2455 | F43: =F38*12.1% -> 266.86018 | G43: =G38*12.1% -> 296.08168 | H43: =H38*12.1% -> 209.42075 | I43: =I38*12.1% -> 238.64225 | J43: =J38*12.1% -> 282.98149 | K43: =K38*12.1% -> 209.42075 | L43: =L38*12.1% -> 209.42075
B44: Total | D44: =SUM(D42:D43) -> 604.49837 | E44: =SUM(E42:E43) -> 653.83682 | F44: =SUM(F42:F43) -> 450.57466 | G44: =SUM(G42:G43) -> 499.91311 | H44: =SUM(H42:H43) -> 353.59222 | I44: =SUM(I42:I43) -> 402.93068 | J44: =SUM(J42:J43) -> 477.79437 | K44: =SUM(K42:K43) -> 353.59222 | L44: =SUM(L42:L43) -> 353.59222
A45: C | B45: Incidência do Submódulo 2.2 - Encargos previdenciários (GPS), FGTS e outras contribuições (Cálculo sobre a remuneração, pois será adotada a Conta Vinculada) | D45: =D38*7.82% -> 231.3841 | E45: =E38*7.82% -> 250.2694 | F45: =F38*7.82% -> 172.46666 | G45: =G38*7.82% -> 191.35196 | H45: =H38*7.82% -> 135.34465 | I45: =I38*7.82% -> 154.22995 | J45: =J38*7.82% -> 182.88556 | K45: =K38*7.82% -> 135.34465 | L45: =L38*7.82% -> 135.34465
A47: Submódulo 2.2 - Encargos Previdenciários (GPS), Fundo de Garantia por Tempo de Serviço (FGTS) e outras contribuições | D47: Almoxarife | E47: Líder de Almoxarife | F47: Auxiliar de Logística | G47: Líder de Auxiliar de Logística | H47: Copeiro | I47: Líder de Copeiro | J47: Auxiliar de Escriturário | K47: Guardião de Piscina | L47: Auxiliar de Mecânica
A48: 2.2 | B48: GPS, FGTS e outras contribuições | C48: % | D48: Valor(R$) | E48: Valor(R$) | F48: Valor(R$) | G48: Valor(R$) | H48: Valor(R$) | I48: Valor(R$) | J48: Valor(R$) | K48: Valor(R$) | L48: Valor(R$)
A49: A | B49: INSS | C49: 20 | D49: =(D38*($C$49/100)) -> 591.7752 | E49: =(E38*($C$49/100)) -> 640.0752 | F49: =(F38*($C$49/100)) -> 441.0912 | G49: =(G38*($C$49/100)) -> 489.3912 | H49: =(H38*($C$49/100)) -> 346.15 | I49: =(I38*($C$49/100)) -> 394.45 | J49: =(J38*($C$49/100)) -> 467.738 | K49: =(K38*($C$49/100)) -> 346.15 | L49: =(L38*($C$49/100)) -> 346.15
A50: B | B50: Salário Educação | C50: 2.5 | D50: =(D38*($C$50/100)) -> 73.9719 | E50: =(E38*($C$50/100)) -> 80.0094 | F50: =(F38*($C$50/100)) -> 55.1364 | G50: =(G38*($C$50/100)) -> 61.1739 | H50: =(H38*($C$50/100)) -> 43.26875 | I50: =(I38*($C$50/100)) -> 49.30625 | J50: =(J38*($C$50/100)) -> 58.46725 | K50: =(K38*($C$50/100)) -> 43.26875 | L50: =(L38*($C$50/100)) -> 43.26875
A51: C | B51: Seguro acidente do trabalho | C51: 6 | D51: =(D$38*($C$51/100)) -> 177.53256 | E51: =(E$38*($C$51/100)) -> 192.02256 | F51: =(F$38*($C$51/100)) -> 132.32736 | G51: =(G$38*($C$51/100)) -> 146.81736 | H51: =(H$38*($C$51/100)) -> 103.845 | I51: =(I$38*($C$51/100)) -> 118.335 | J51: =(J$38*($C$51/100)) -> 140.3214 | K51: =(K$38*($C$51/100)) -> 103.845 | L51: =(L$38*($C$51/100)) -> 103.845
A52: D | B52: SESI ou SESC | C52: 1.5 | D52: =(D$38*($C$52/100)) -> 44.38314 | E52: =(E$38*($C$52/100)) -> 48.00564 | F52: =(F$38*($C$52/100)) -> 33.08184 | G52: =(G$38*($C$52/100)) -> 36.70434 | H52: =(H$38*($C$52/100)) -> 25.96125 | I52: =(I$38*($C$52/100)) -> 29.58375 | J52: =(J$38*($C$52/100)) -> 35.08035 | K52: =(K$38*($C$52/100)) -> 25.96125 | L52: =(L$38*($C$52/100)) -> 25.96125
A53: E | B53: SENAI ou SENAC | C53: 1 | D53: =(D$38*($C$53/100)) -> 29.58876 | E53: =(E$38*($C$53/100)) -> 32.00376 | F53: =(F$38*($C$53/100)) -> 22.05456 | G53: =(G$38*($C$53/100)) -> 24.46956 | H53: =(H$38*($C$53/100)) -> 17.3075 | I53: =(I$38*($C$53/100)) -> 19.7225 | J53: =(J$38*($C$53/100)) -> 23.3869 | K53: =(K$38*($C$53/100)) -> 17.3075 | L53: =(L$38*($C$53/100)) -> 17.3075
A54: F | B54: SEBRAE | C54: 0.6 | D54: =(D$38*($C$54/100)) -> 17.753256 | E54: =(E$38*($C$54/100)) -> 19.202256 | F54: =(F$38*($C$54/100)) -> 13.232736 | G54: =(G$38*($C$54/100)) -> 14.681736 | H54: =(H$38*($C$54/100)) -> 10.3845 | I54: =(I$38*($C$54/100)) -> 11.8335 | J54: =(J$38*($C$54/100)) -> 14.03214 | K54: =(K$38*($C$54/100)) -> 10.3845 | L54: =(L$38*($C$54/100)) -> 10.3845
A55: G | B55: INCRA | C55: 0.2 | D55: =(D$38*($C$55/100)) -> 5.917752 | E55: =(E$38*($C$55/100)) -> 6.400752 | F55: =(F$38*($C$55/100)) -> 4.410912 | G55: =(G$38*($C$55/100)) -> 4.893912 | H55: =(H$38*($C$55/100)) -> 3.4615 | I55: =(I$38*($C$55/100)) -> 3.9445 | J55: =(J$38*($C$55/100)) -> 4.67738 | K55: =(K$38*($C$55/100)) -> 3.4615 | L55: =(L$38*($C$55/100)) -> 3.4615
A56: H | B56: FGTS | C56: 8 | D56: =(D$38*($C$56/100)) -> 236.71008 | E56: =(E$38*($C$56/100)) -> 256.03008 | F56: =(F$38*($C$56/100)) -> 176.43648 | G56: =(G$38*($C$56/100)) -> 195.75648 | H56: =(H$38*($C$56/100)) -> 138.46 | I56: =(I$38*($C$56/100)) -> 157.78 | J56: =(J$38*($C$56/100)) -> 187.0952 | K56: =(K$38*($C$56/100)) -> 138.46 | L56: =(L$38*($C$56/100)) -> 138.46
B57: TOTAL | C57: =SUM(C49:C56) -> 39.8 | D57: =SUM(D49:D56) -> 1177.6326 | E57: =SUM(E49:E56) -> 1273.7496 | F57: =SUM(F49:F56) -> 877.77149 | G57: =SUM(G49:G56) -> 973.88849 | H57: =SUM(H49:H56) -> 688.8385 | I57: =SUM(I49:I56) -> 784.9555 | J57: =SUM(J49:J56) -> 930.79862 | ... L57: =SUM(L49:L56) -> 688.8385
B58: Itens não aplicáveis a Optantes do SIMPLES
A60: Submódulo 2.3 - Benefícios Mensais e Diários | D60: Almoxarife | E60: Líder de Almoxarife | F60: Auxiliar de Logística | G60: Líder de Auxiliar de Logística | H60: Copeiro | I60: Líder de Copeiro | J60: Auxiliar de Escriturário | K60: Guardião de Piscina | L60: Auxiliar de Mecânica
A61: 2.3 | B61: Benefícios Mensais e Diários | D61: Valor(R$) | E61: Valor(R$) | F61: Valor(R$) | G61: Valor(R$) | H61: Valor(R$) | I61: Valor(R$) | J61: Valor(R$) | K61: Valor(R$) | L61: Valor(R$)
A62: A | B62: Transporte -Cláusula 21ª da CCT - considerando 2 passagens/dia (BUI) - Benefício para renda mensal inferior ou igual a R$3.205,20. Rendas superiores, 4 bilhetes diários de R$4,45 | D62: =(8.55*2*A20)-(6%*D20) -> 209.1042 | E62: =(8.55*2*A21)-(6%*D21) -> 209.1042 | F62: =(8.55*2*A22)-(6%*D22) -> 246.7752 | G62: =(8.55*2*A23)-(6%*D23) -> 246.7752 | H62: =(8.55*2*A24)-(6%*D24) -> 253.203 | I62: =(8.55*2*A25)-(6%*D25) -> 253.203 | J62: =(8.55*2*A26)-(6%*D26) -> 216.7266 | K62: =(8.55*2*A27)-(6%*D27) -> 253.203 | L62: =(8.55*2*A28)-(6%*D28) -> 253.203
A63: B | B63: Ticket Alimentação - Cláusula 20ª da CCT | D63: =(25*A20)-(25*A20*10%) -> 469.8 | E63: =(25*A21)-(25*A21*10%) -> 469.8 | F63: =(25*A22)-(25*A22*10%) -> 469.8 | G63: =(25*A23)-(25*A23*10%) -> 469.8 | H63: =(25*A24)-(25*A24*10%) -> 469.8 | I63: =(25*A25)-(25*A25*10%) -> 469.8 | J63: =(25*A26)-(25*A26*10%) -> 469.8 | K63: =(25*A27)-(25*A27*10%) -> 469.8 | L63: =(25*A28)-(25*A28*10%) -> 469.8
A64: C | B64: Benefício Assistencial | D64: =F58 -> 0 | E64: =G58 -> 0 | G64: =H58 -> 0 | H64: =J58 -> 0 | I64: =K58 -> 0 | K64: =M58 -> 0 | L64: =N58 -> 0
A65: D | B65: Outros (Social Familiar) - Cláusula 26ª da CCT | D65: 21.6 | E65: 21.6 | F65: 21.6 | G65: 21.6 | H65: 21.6 | I65: 21.6 | J65: 21.6 | K65: 21.6 | L65: 21.6
B66: Total de Benefícios Mensais e Diários | D66: =SUM(D62:D65) -> 700.5042 | E66: =SUM(E62:E65) -> 700.5042 | F66: =SUM(F62:F65) -> 738.1752 | G66: =SUM(G62:G65) -> 738.1752 | H66: =SUM(H62:H65) -> 744.603 | I66: =SUM(I62:I65) -> 744.603 | J66: =SUM(J62:J65) -> 708.1266 | K66: =SUM(K62:K65) -> 744.603 | L66: =SUM(L62:L65) -> 744.603
A68: Quadro-Resumo do Módulo 2 - Encargos e Benefícios anuais, mensais e diários | D68: Almoxarife | E68: Líder de Almoxarife | F68: Auxiliar de Logística | G68: Líder de Auxiliar de Logística | H68: Copeiro | I68: Líder de Copeiro | J68: Auxiliar de Escriturário | K68: Guardião de Piscina | L68: Auxiliar de Mecânica
A69: 2 | B69: Encargos e Benefícios Anuais, Mensais e Diários | D69: Valor (R$) | E69: Valor (R$) | F69: Valor (R$) | G69: Valor (R$) | H69: Valor (R$) | I69: Valor (R$) | J69: Valor (R$) | K69: Valor (R$) | L69: Valor (R$)
A70: 2.1 | B70: 13º (décimo terceiro) Salário, Férias e Adicional de Férias | D70: =D44 -> 604.49837 | E70: =E44 -> 653.83682 | F70: =F44 -> 450.57466 | G70: =G44 -> 499.91311 | H70: =H44 -> 353.59222 | I70: =I44 -> 402.93068 | J70: =J44 -> 477.79437 | K70: =K44 -> 353.59222 | L70: =L44 -> 353.59222
A71: 2.2 | B71: GPS, FGTS e outras contribuições | D71: =D57+D45 -> 1409.0168 | E71: =E57+E45 -> 1524.0191 | F71: =F57+F45 -> 1050.2381 | G71: =G57+G45 -> 1165.2404 | H71: =H57+H45 -> 824.18315 | I71: =I57+I45 -> 939.18545 | J71: =J57+J45 -> 1113.6842 | K71: =K57+K45 -> 824.18315 | L71: =L57+L45 -> 824.18315
A72: 2.3 | B72: Benefícios Mensais e Diários | D72: =D66 -> 700.5042 | E72: =E66 -> 700.5042 | F72: =F66 -> 738.1752 | G72: =G66 -> 738.1752 | H72: =H66 -> 744.603 | I72: =I66 -> 744.603 | J72: =J66 -> 708.1266 | K72: =K66 -> 744.603 | L72: =L66 -> 744.603
B73: Total | D73: =SUM(D70:D72) -> 2714.0193 | E73: =SUM(E70:E72) -> 2878.3601 | F73: =SUM(F70:F72) -> 2238.988 | G73: =SUM(G70:G72) -> 2403.3288 | H73: =SUM(H70:H72) -> 1922.3784 | I73: =SUM(I70:I72) -> 2086.7191 | J73: =SUM(J70:J72) -> 2299.6051 | K73: =SUM(K70:K72) -> 1922.3784 | L73: =SUM(L70:L72) -> 1922.3784
A75: MÓDULO 3: PROVISÃO PARA RESCISÃO | D75: Almoxarife | E75: Líder de Almoxarife | F75: Auxiliar de Logística | G75: Líder de Auxiliar de Logística | H75: Copeiro | I75: Líder de Copeiro | J75: Auxiliar de Escriturário | K75: Guardião de Piscina | L75: Auxiliar de Mecânica
A76: 3 | B76: Provisão para Rescisão | D76: Valor(R$) | E76: Valor(R$) | F76: Valor(R$) | G76: Valor(R$) | H76: Valor(R$) | I76: Valor(R$) | J76: Valor(R$) | K76: Valor(R$) | L76: Valor(R$)
A77: A | B77: Aviso prévio indenizado | D77: =((D38+D42+D43)/12)*5% -> 14.847393 | E77: =((E38+E42+E43)/12)*5% -> 16.05922 | F77: =((F38+F42+F43)/12)*5% -> 11.066794 | G77: =((G38+G42+G43)/12)*5% -> 12.278621 | H77: =((H38+H42+H43)/12)*5% -> 8.6847593 | I77: =((I38+I42+I43)/12)*5% -> 9.8965861 | J77: =((J38+J42+J43)/12)*5% -> 11.735352 | K77: =((K38+K42+K43)/12)*5% -> 8.6847593 | L77: =((L38+L42+L43)/12)*5% -> 8.6847593
A78: B | B78: Incidência do FGTS sobre o Aviso Prévio Indenizado | D78: =((D38+D42)/12)*5%*8% -> 1.0684501 | E78: =((E38+E42)/12)*5%*8% -> 1.1556558 | F78: =((F38+F42)/12)*5%*8% -> 0.79639016 | G78: =((G38+G42)/12)*5%*8% -> 0.88359581 | H78: =((H38+H42)/12)*5%*8% -> 0.62497382 | I78: =((I38+I42)/12)*5%*8% -> 0.71217948 | J78: =((J38+J42)/12)*5%*8% -> 0.84450096 | K78: =((K38+K42)/12)*5%*8% -> 0.62497382 | L78: =((L38+L42)/12)*5%*8% -> 0.62497382
A79: C | B79: Multa do FGTS e contribuição social sobre o aviso prévio indenizado | D79: 0 | E79: 0 | F79: 0 | G79: 0 | H79: 0 | I79: 0 | J79: 0 | K79: 0 | L79: 0
A80: D | B80: Aviso prévio trabalhado | D80: =(((D38+D64)/30/12)*7) -> 57.5337 | E80: =(((E38+E64)/30/12)*7) -> 62.229533 | F80: =(((F38+F64)/30/12)*7) -> 42.883867 | G80: =(((G38+G64)/30/12)*7) -> 47.5797 | H80: =(((H38+H64)/30/12)*7) -> 33.653472 | I80: =(((I38+I64)/30/12)*7) -> 38.349306 | J80: =(((J38+J64)/30/12)*7) -> 45.474528 | K80: =(((K38+K64)/30/12)*7) -> 33.653472 | L80: =(((L38+L64)/30/12)*7) -> 33.653472
A81: E | B81: Incidência de GPS, FGTS e outras contribuições sobre o aviso prévio trabalhado | D81: =(D38/30/12*7)*8% -> 4.602696 | E81: =(E38/30/12*7)*8% -> 4.9783627 | F81: =(F38/30/12*7)*8% -> 3.4307093 | G81: =(G38/30/12*7)*8% -> 3.806376 | H81: =(H38/30/12*7)*8% -> 2.6922778 | I81: =(I38/30/12*7)*8% -> 3.0679444 | J81: =(J38/30/12*7)*8% -> 3.6379622 | K81: =(K38/30/12*7)*8% -> 2.6922778 | L81: =(L38/30/12*7)*8% -> 2.6922778
A82: F | B82: Multa do FGTS e contribuição social sobre o aviso prévio trabalhado | D82: =D38*4% -> 118.35504 | E82: =E38*4% -> 128.01504 | F82: =F38*4% -> 88.21824 | G82: =G38*4% -> 97.87824 | H82: =H38*4% -> 69.23 | I82: =I38*4% -> 78.89 | J82: =J38*4% -> 93.5476 | K82: =K38*4% -> 69.23 | L82: =L38*4% -> 69.23
B83: TOTAL | D83: =SUM(D77:D82) -> 196.40728 | E83: =SUM(E77:E82) -> 212.43781 | F83: =SUM(F77:F82) -> 146.396 | G83: =SUM(G77:G82) -> 162.42653 | H83: =SUM(H77:H82) -> 114.88548 | I83: =SUM(I77:I82) -> 130.91602 | J83: =SUM(J77:J82) -> 155.23994 | K83: =SUM(K77:K82) -> 114.88548 | L83: =SUM(L77:L82) -> 114.88548
A85: MÓDULO 4: CUSTO DE REPOSIÇÃO DO PROFISSIONAL AUSENTE | D85: Almoxarife | E85: Líder de Almoxarife | F85: Auxiliar de Logística | G85: Líder de Auxiliar de Logística | H85: Copeiro | I85: Líder de Copeiro | J85: Auxiliar de Escriturário | K85: Guardião de Piscina | L85: Auxiliar de Mecânica
A86: 4.1 | B86: Submódulo 4.1. Ausências legais | D86: Valor(R$) | E86: Valor(R$) | F86: Valor(R$) | G86: Valor(R$) | H86: Valor(R$) | I86: Valor(R$) | J86: Valor(R$) | K86: Valor(R$) | L86: Valor(R$)
A87: A | B87: Substituto na cobertura de férias | D87: 0 | E87: 0 | F87: 0 | G87: 0 | H87: 0 | I87: 0 | J87: 0 | K87: 0 | L87: 0
A88: B | B88: Substituto na cobertura de Ausências legais | D88: =(((D38+D73+D83+D91+D112)-(D62-D63-D109-D110))/30*2.96)/12 -> 51.209041 | E88: =(((E38+E73+E83+E91+E112)-(E62-E63-E109-E110))/30*2.96)/12 -> 57.641292 | F88: =(((F38+F73+F83+F91+F112)-(F62-F63-F109-F110))/30*2.96)/12 -> 40.35797 | G88: =(((G38+G73+G83+G91+G112)-(G62-G63-G109-G110))/30*2.96)/12 -> 43.836154 | H88: =(((H38+H73+H83+H91+H112)-(H62-H63-H109-H110))/30*2.96)/12 -> 33.429226 | I88: =(((I38+I73+I83+I91+I112)-(I62-I63-I109-I110))/30*2.96)/12 -> 55.52433 | J88: =(((J38+J73+J83+J91+J112)-(J62-J63-J109-J110))/30*2.96)/12 -> 41.592732 | K88: =(((K38+K73+K83+K91+K112)-(K62-K63-K109-K110))/30*2.96)/12 -> 33.017608 | L88: =(((L38+L73+L83+L91+L112)-(L62-L63-L109-L110))/30*2.96)/12 -> 32.971687
A89: C | B89: Substituto na cobertura de Licença paternidade | D89: =(((D38+D73+D83+D91+D112)-(D62-D63-D109-D110))/30*5*1.5%)/12 -> 1.2975264 | E89: =(((E38+E73+E83+E91+E112)-(E62-E63-E109-E110))/30*5*1.5%)/12 -> 1.4605057 | F89: =(((F38+F73+F83+F91+F112)-(F62-F63-F109-F110))/30*5*1.5%)/12 -> 1.0225837 | G89: =(((G38+G73+G83+G91+G112)-(G62-G63-G109-G110))/30*5*1.5%)/12 -> 1.1107134 | H89: =(((H38+H73+H83+H91+H112)-(H62-H63-H109-H110))/30*5*1.5%)/12 -> 0.84702431 | I89: =(((I38+I73+I83+I91+I112)-(I62-I63-I109-I110))/30*5*1.5%)/12 -> 1.4068665 | J89: =(((J38+J73+J83+J91+J112)-(J62-J63-J109-J110))/30*5*1.5%)/12 -> 1.0538699 | K89: =(((K38+K73+K83+K91+K112)-(K62-K63-K109-K110))/30*5*1.5%)/12 -> 0.83659479 | L89: =(((L38+L73+L83+L91+L112)-(L62-L63-L109-L110))/30*5*1.5%)/12 -> 0.83543125
A90: D | B90: Substituto na cobertura de Ausência por Acidente de trabalho | D90: =(((D38+D73+D83+D91+D112)-(D62-D63-D109-D110))/30*15*0.78%)/12 -> 2.0241412 | E90: =(((E38+E73+E83+E91+E112)-(E62-E63-E109-E110))/30*15*0.78%)/12 -> 2.2783889 | F90: =(((F38+F73+F83+F91+F112)-(F62-F63-F109-F110))/30*15*0.78%)/12 -> 1.5952306 | G90: =(((G38+G73+G83+G91+G112)-(G62-G63-G109-G110))/30*15*0.78%)/12 -> 1.7327129 | H90: =(((H38+H73+H83+H91+H112)-(H62-H63-H109-H110))/30*15*0.78%)/12 -> 1.3213579 | I90: =(((I38+I73+I83+I91+I112)-(I62-I63-I109-I110))/30*15*0.78%)/12 -> 2.1947117 | J90: =(((J38+J73+J83+J91+J112)-(J62-J63-J109-J110))/30*15*0.78%)/12 -> 1.644037 | K90: =(((K38+K73+K83+K91+K112)-(K62-K63-K109-K110))/30*15*0.78%)/12 -> 1.3050879 | L90: =(((L38+L73+L83+L91+L112)-(L62-L63-L109-L110))/30*15*0.78%)/12 -> 1.3032728
A91: E | B91: Substituto na cobertura de Afastamento Maternidade | D91: =(((D43*3.95/12)+(D65*3.95*1.02%))/12+((D38+D42)*39.8%*3.95)*1.02%/12) -> 14.176581 | E91: =(((E43*3.95/12)+(E65*3.95*1.02%))/12+((E38+E42)*39.8%*3.95)*1.02%/12) -> 15.327738 | F91: =(((F43*3.95/12)+(F65*3.95*1.02%))/12+((F38+F42)*39.8%*3.95)*1.02%/12) -> 10.585258 | G91: =(((G43*3.95/12)+(G65*3.95*1.02%))/12+((G38+G42)*39.8%*3.95)*1.02%/12) -> 11.736414 | H91: =(((H43*3.95/12)+(H65*3.95*1.02%))/12+((H38+H42)*39.8%*3.95)*1.02%/12) -> 8.322479 | I91: =(((I43*3.95/12)+(I65*3.95*1.02%))/12+((I38+I42)*39.8%*3.95)*1.02%/12) -> 9.4736357 | J91: =(((J43*3.95/12)+(J65*3.95*1.02%))/12+((J38+J42)*39.8%*3.95)*1.02%/12) -> 11.220343 | K91: =(((K43*3.95/12)+(K65*3.95*1.02%))/12+((K38+K42)*39.8%*3.95)*1.02%/12) -> 8.322479 | L91: =(((L43*3.95/12)+(L65*3.95*1.02%))/12+((L38+L42)*39.8%*3.95)*1.02%/12) -> 8.322479
A92: F | B92: Substituto na cobertura de outras ausências (especificar) | D92: 0 | E92: 0 | F92: 0 | G92: 0 | H92: 0 | I92: 0 | J92: 0 | K92: 0 | L92: 0
B93: TOTAL | D93: =SUM(D87:D92) -> 68.70729 | E93: =SUM(E87:E92) -> 76.707924 | F93: =SUM(F87:F92) -> 53.561042 | G93: =SUM(G87:G92) -> 58.415995 | H93: =SUM(H87:H92) -> 43.920087 | I93: =SUM(I87:I92) -> 68.599544 | J93: =SUM(J87:J92) -> 55.510982 | K93: =SUM(K87:K92) -> 43.481769 | L93: =SUM(L87:L92) -> 43.43287
A95: Submódulo 4.2 - Intrajornada | D95: Almoxarife | E95: Líder de Almoxarife | F95: Auxiliar de Logística | G95: Líder de Auxiliar de Logística | H95: Copeiro | I95: Líder de Copeiro | J95: Auxiliar de Escriturário | K95: Guardião de Piscina | L95: Auxiliar de Mecânica
A96: 4.2 | B96: Intrajornada | D96: Valor(R$) | E96: Valor(R$) | F96: Valor(R$) | G96: Valor(R$) | H96: Valor(R$) | I96: Valor(R$) | J96: Valor(R$) | K96: Valor(R$) | L96: Valor(R$)
A97: A | B97: Intervalo para repouso ou alimentação | D97: 0 | E97: 0 | F97: 0 | G97: 0 | H97: 0 | I97: 0 | J97: 0 | K97: 0 | L97: 0
B98: TOTAL | D98: 0 | E98: 0 | F98: 0 | G98: 0 | H98: 0 | I98: 0 | J98: 0 | K98: 0 | L98: 0
A100: Quadro-Resumo do Módulo 4 - Custo de Reposição do Profissional Ausente | D100: Almoxarife | E100: Líder de Almoxarife | F100: Auxiliar de Logística | G100: Líder de Auxiliar de Logística | H100: Copeiro | I100: Líder de Copeiro | J100: Auxiliar de Escriturário | K100: Guardião de Piscina | L100: Auxiliar de Mecânica
A101: 4 | B101: Custo de reposição | D101: Valor (R$) | E101: Valor (R$) | F101: Valor (R$) | G101: Valor (R$) | H101: Valor (R$) | I101: Valor (R$) | J101: Valor (R$) | K101: Valor (R$) | L101: Valor (R$)
A102: 4.1 | B102: Ausências legais | D102: =D93 -> 68.70729 | E102: =E93 -> 76.707924 | F102: =F93 -> 53.561042 | G102: =G93 -> 58.415995 | H102: =H93 -> 43.920087 | I102: =I93 -> 68.599544 | J102: =J93 -> 55.510982 | K102: =K93 -> 43.481769 | L102: =L93 -> 43.43287
A103: 4.2 | B103: Intrajornada | D103: 0 | E103: 0 | F103: 0 | G103: 0 | H103: 0 | I103: 0 | J103: 0 | K103: 0 | L103: 0
B104: Total | D104: =SUM(D102:D103) -> 68.70729 | E104: =SUM(E102:E103) -> 76.707924 | F104: =SUM(F102:F103) -> 53.561042 | G104: =SUM(G102:G103) -> 58.415995 | H104: =SUM(H102:H103) -> 43.920087 | I104: =SUM(I102:I103) -> 68.599544 | J104: =SUM(J102:J103) -> 55.510982 | K104: =SUM(K102:K103) -> 43.481769 | L104: =SUM(L102:L103) -> 43.43287
A106: MÓDULO 5: INSUMOS DIVERSOS | D106: Almoxarife | E106: Líder de Almoxarife | F106: Auxiliar de Logística | G106: Líder de Auxiliar de Logística | H106: Copeiro | I106: Líder de Copeiro | J106: Auxiliar de Escriturário | K106: Guardião de Piscina | L106: Auxiliar de Mecânica
A107: 5 | B107: Insumos Diversos | D107: Valor(R$) | E107: Valor(R$) | F107: Valor(R$) | G107: Valor(R$) | H107: Valor(R$) | I107: Valor(R$) | J107: Valor(R$) | K107: Valor(R$) | L107: Valor(R$)
A108: A | B108: Uniformes E EPIS | D108: ='Anexo III-B Uniformes'!E24 -> 83.951667 | E108: ='Anexo III-B Uniformes'!E24 -> 83.951667 | F108: ='Anexo III-B Uniformes'!E24 -> 83.951667 | G108: ='Anexo III-B Uniformes'!E24 -> 83.951667 | H108: ='Anexo III-B Uniformes'!E37 -> 72.783333 | I108: ='Anexo III-B Uniformes'!E37 -> 72.783333 | J108: ='Anexo III-B Uniformes'!E63 -> 0.74666667 | K108: ='Anexo III-B Uniformes'!E48 -> 22.721667 | L108: ='Anexo III-B Uniformes'!E56 -> 17.136667
A109: B | B109: Materiais | I109: ='Anexo III-C Materiais'!F28 -> 1132.11
A110: C | B110: Equipamentos | E110: ='Anexo III-A Equip.'!F11 -> 179.63917
A111: D | B111: Outros
B112: Total de Insumos Diversos | D112: =SUM(D108:D111) -> 83.951667 | E112: =SUM(E108:E111) -> 263.59083 | F112: =SUM(F108:F111) -> 83.951667 | G112: =SUM(G108:G111) -> 83.951667 | H112: =SUM(H108:H111) -> 72.783333 | I112: =SUM(I108:I111) -> 1204.8933 | J112: =SUM(J108:J111) -> 0.74666667 | K112: =SUM(K108:K111) -> 22.721667 | L112: =SUM(L108:L111) -> 17.136667
A114: MÓDULO 6: CUSTOS INDIRETOS, TRIBUTOS E LUCRO – (LUCRO PRESUMIDO) | D114: Almoxarife | E114: Líder de Almoxarife | F114: Auxiliar de Logística | G114: Líder de Auxiliar de Logística | H114: Copeiro | I114: Líder de Copeiro | J114: Auxiliar de Escriturário | K114: Guardião de Piscina | L114: Auxiliar de Mecânica
A115: 6 | B115: Custos Indiretos, Tributos e Lucro | C115: % | D115: Valor(R$) | E115: Valor(R$) | F115: Valor(R$) | G115: Valor(R$) | H115: Valor(R$) | I115: Valor(R$) | J115: Valor(R$) | K115: Valor(R$) | L115: Valor(R$)
...

Sheet An IV A Custo G2
A1: PRÓ-REITORIA DE ADMINISTRAÇÃO
A2: COORDENAÇÃO DE CONTRATOS
A4: Anexo IV-A - FORMAÇÃO CUSTOS POSTOS GRUPO 1
A5: Contratação de empresa para prestação de serviços continuados de Apoio Logístico, com regime de dedicação exclusiva de mão de obra, com fornecimento de materiais de reposição e atendimento da Universidade Federal Fluminense
A6: MÃO-DE-OBRA VINCULADA À EXECUÇÃO CONTRATUAL
A7: Dados para composição dos custos referentes a mão de obra
A8: Regime tributário da Licitante | C8: Documento Comprobatório *Anexar Comprovante
A11: ACT/CCT/DCT inclusive aditivos se houver
A12: Entidade Sindical da Empresa
A13: Entidade Sindical dos Empregados
A14: Número de Registro
A15: Início Vigência
A16: Fim Vigência
A18: Descrição Cargos
A19: Dias/Mês | B19: Posto | C19: CBO | D19: Salário
A20: 20.88 | B20: ='Anexo II-B Salários'!B17 -> Agente Educacional | C20: ='Anexo II-B Salários'!C17 -> 5153-25 | D20: ='Anexo II-B Salários'!E17 -> 1917.71
A21: 20.88 | B21: ='Anexo II-B Salários'!B18 -> Auxiliar de desenvolvimento infantil | C21: ='Anexo II-B Salários'!C18 -> 2394-10 | D21: ='Anexo II-B Salários'!E18 -> 3025.66
A22: 20.88 | B22: ='Anexo II-B Salários'!B19 -> Cuidador de Alunos | C22: ='Anexo II-B Salários'!C19 -> 5162-20 | D22: ='Anexo II-B Salários'!E19 -> 2061.07
A23: 20.88 | B23: ='Anexo II-B Salários'!B20 -> Orientador Educacional | C23: ='Anexo II-B Salários'!C20 -> 2394-10 | D23: ='Anexo II-B Salários'!E20 -> 3836.52
A24: 20.88 | B24: ='Anexo II-B Salários'!B21 -> Encarregado Geral | C24: ='Anexo II-B Salários'!C21 -> 7102-05 | D24: ='Anexo II-B Salários'!F21 -> 3976.85
A25: 20.88 | B25: ='Anexo II-B Salários'!B22 -> Técnico em Manutenção | C25: ='Anexo II-B Salários'!C22 -> 3131-30 | D25: ='Anexo II-B Salários'!F22 -> 3236.16
A26: 20.88 | B26: ='Anexo II-B Salários'!B23 -> Bombeiro Hidráulico | C26: ='Anexo II-B Salários'!C23 -> 7241-10 | D26: ='Anexo II-B Salários'!F23 -> 2380.35
A27: 20.88 | B27: ='Anexo II-B Salários'!B24 -> Ajudante de Manutenção | C27: ='Anexo II-B Salários'!C24 -> 7170-20 | D27: ='Anexo II-B Salários'!E24 -> 1730.75
A28: 20.88 | B28: ='Anexo II-B Salários'!B25 -> Operador de Trator | C28: ='Anexo II-B Salários'!C25 -> 7151-25 | D28: ='Anexo II-B Salários'!E25 -> 2208.16
A30: MÓDULO 1 : COMPOSIÇÃO DA REMUNERAÇÃO | D30: Agente Educacional | E30: Auxiliar de desenvolvimento infantil | F30: Cuidador de Alunos | G30: Orientador Educacional | H30: Encarregado Geral | I30: Técnico em Manutenção | J30: Bombeiro Hidráulico | K30: Ajudante de Manutenção | L30: Operador de Trator
A31: 1 | B31: Composição da Remuneração | D31: Valor(R$) | E31: Valor(R$) | F31: Valor(R$) | G31: Valor(R$) | H31: Valor(R$) | I31: Valor(R$) | J31: Valor(R$) | K31: Valor(R$) | L31: Valor(R$)
A32: A | B32: Salário Base | D32: =D20 -> 1917.71 | E32: =D21 -> 3025.66 | F32: =D22 -> 2061.07 | G32: =D23 -> 3836.52 | H32: =D24 -> 3976.85 | I32: =D25 -> 3236.16 | J32: =D26 -> 2380.35 | K32: =D27 -> 1730.75 | L32: =D28 -> 2208.16
A33: B | B33: Adicional de Periculosidade (30%) | I33: =30%*I32 -> 970.848 | L33: =30%*L32 -> 662.448
A34: C | B34: Adicional de Insalubridade (20% Grau médio NR 15)
A35: D | B35: Adicional Noturno
A36: E | B36: Adicional de Hora Noturna Reduzida
A37: F | B37: Gratificação Liderança (15% ou 30%) (Cláusula 16ª CCT)
B38: Total de Remuneração | D38: =SUM(D32:D37) -> 1917.71 | E38: =SUM(E32:E37) -> 3025.66 | F38: =SUM(F32:F37) -> 2061.07 | G38: =SUM(G32:G37) -> 3836.52 | H38: =SUM(H32:H37) -> 3976.85 | I38: =SUM(I32:I37) -> 4207.008 | J38: =SUM(J32:J37) -> 2380.35 | K38: =SUM(K32:K37) -> 1730.75 | L38: =SUM(L32:L37) -> 2870.608
A40: MÓDULO 2: ENCARGOS E BENEFÍCIOS ANUAIS, MENSAIS E DIÁRIOS | D40: Agente Educacional | E40: Auxiliar de desenvolvimento infantil | F40: Cuidador de Alunos | G40: Orientador Educacional | H40: Encarregado Geral | I40: Técnico em Manutenção | J40: Bombeiro Hidráulico | K40: Ajudante de Manutenção | L40: Operador de Trator
A41: Submódulo 2.1 - 13º (décimo terceiro) Salário, Férias e Adicional de Férias | D41: Valor(R$) | E41: Valor(R$) | F41: Valor(R$) | G41: Valor(R$) | H41: Valor(R$) | I41: Valor(R$) | J41: Valor(R$) | K41: Valor(R$) | L41: Valor(R$)
A42: A | B42: 13º (décimo terceiro) Salário | D42: =D38*8.33% -> 159.74524 | E42: =E38*8.33% -> 252.03748 | F42: =F38*8.33% -> 171.68713 | G42: =G38*8.33% -> 319.58212 | H42: =H38*8.33% -> 331.27161 | I42: =I38*8.33% -> 350.44377 | J42: =J38*8.33% -> 198.28315 | K42: =K38*8.33% -> 144.17147 | L42: =L38*8.33% -> 239.12165
A43: B | B43: Férias e Adicional de Férias | D43: =D38*12.1% -> 232.04291 | E43: =E38*12.1% -> 366.10486 | F43: =F38*12.1% -> 249.38947 | G43: =G38*12.1% -> 464.21892 | H43: =H38*12.1% -> 481.19885 | I43: =I38*12.1% -> 509.04797 | J43: =J38*12.1% -> 288.02235 | K43: =K38*12.1% -> 209.42075 | L43: =L38*12.1% -> 347.34357
B44: Total | D44: =SUM(D42:D43) -> 391.78815 | E44: =SUM(E42:E43) -> 618.14234 | F44: =SUM(F42:F43) -> 421.0766 | G44: =SUM(G42:G43) -> 783.80104 | H44: =SUM(H42:H43) -> 812.47046 | I44: =SUM(I42:I43) -> 859.49173 | J44: =SUM(J42:J43) -> 486.3055 | K44: =SUM(K42:K43) -> 353.59222 | L44: =SUM(L42:L43) -> 586.46521
A45: C | B45: Incidência do Submódulo 2.2 - Encargos previdenciários (GPS), FGTS e outras contribuições (Cálculo sobre a remuneração, pois será adotada a Conta Vinculada) | D45: =D38*7.82% -> 149.96492 | E45: =E38*7.82% -> 236.60661 | F45: =F38*7.82% -> 161.17567 | G45: =G38*7.82% -> 300.01586 | H45: =H38*7.82% -> 310.98967 | I45: =I38*7.82% -> 328.98803 | J45: =J38*7.82% -> 186.14337 | K45: =K38*7.82% -> 135.34465 | L45: =L38*7.82% -> 224.48155
A47: Submódulo 2.2 - Encargos Previdenciários (GPS), Fundo de Garantia por Tempo de Serviço (FGTS) e outras contribuições | D47: Agente Educacional | E47: Auxiliar de desenvolvimento infantil | F47: Cuidador de Alunos | G47: Orientador Educacional | H47: Encarregado Geral | I47: Técnico em Manutenção | J47: Bombeiro Hidráulico | K47: Ajudante de Manutenção | L47: Operador de Trator
A48: 2.2 | B48: GPS, FGTS e outras contribuições | C48: % | D48: Valor(R$) | E48: Valor(R$) | F48: Valor(R$) | G48: Valor(R$) | H48: Valor(R$) | I48: Valor(R$) | J48: Valor(R$) | K48: Valor(R$) | L48: Valor(R$)
A49: A | B49: INSS | C49: 20 | D49: =(D38*($C$49/100)) -> 383.542 | E49: =(E38*($C$49/100)) -> 605.132 | F49: =(F38*($C$49/100)) -> 412.214 | G49: =(G38*($C$49/100)) -> 767.304 | H49: =(H38*($C$49/100)) -> 795.37 | I49: =(I38*($C$49/100)) -> 841.4016 | J49: =(J38*($C$49/100)) -> 476.07 | K49: =(K38*($C$49/100)) -> 346.15 | L49: =(L38*($C$49/100)) -> 574.1216
A50: B | B50: Salário Educação | C50: 2.5 | D50: =(D38*($C$50/100)) -> 47.94275 | E50: =(E38*($C$50/100)) -> 75.6415 | F50: =(F38*($C$50/100)) -> 51.52675 | G50: =(G38*($C$50/100)) -> 95.913 | H50: =(H38*($C$50/100)) -> 99.42125 | I50: =(I38*($C$50/100)) -> 105.1752 | J50: =(J38*($C$50/100)) -> 59.50875 | K50: =(K38*($C$50/100)) -> 43.26875 | L50: =(L38*($C$50/100)) -> 71.7652
A51: C | B51: Seguro acidente do trabalho | C51: 6 | D51: =(D$38*($C$51/100)) -> 115.0626 | E51: =(E$38*($C$51/100)) -> 181.5396 | F51: =(F$38*($C$51/100)) -> 123.6642 | G51: =(G$38*($C$51/100)) -> 230.1912 | H51: =(H$38*($C$51/100)) -> 238.611 | I51: =(I$38*($C$51/100)) -> 252.42048 | J51: =(J$38*($C$51/100)) -> 142.821 | K51: =(K$38*($C$51/100)) -> 103.845 | L51: =(L$38*($C$51/100)) -> 172.23648
A52: D | B52: SESI ou SESC | C52: 1.5 | D52: =(D$38*($C$52/100)) -> 28.76565 | E52: =(E$38*($C$52/100)) -> 45.3849 | F52: =(F$38*($C$52/100)) -> 30.91605 | G52: =(G$38*($C$52/100)) -> 57.5478 | H52: =(H$38*($C$52/100)) -> 59.65275 | I52: =(I$38*($C$52/100)) -> 63.10512 | J52: =(J$38*($C$52/100)) -> 35.70525 | K52: =(K$38*($C$52/100)) -> 25.96125 | L52: =(L$38*($C$52/100)) -> 43.05912
A53: E | B53: SENAI ou SENAC | C53: 1 | D53: =(D$38*($C$53/100)) -> 19.1771 | E53: =(E$38*($C$53/100)) -> 30.2566 | F53: =(F$38*($C$53/100)) -> 20.6107 | G53: =(G$38*($C$53/100)) -> 38.3652 | H53: =(H$38*($C$53/100)) -> 39.7685 | I53: =(I$38*($C$53/100)) -> 42.07008 | J53: =(J$38*($C$53/100)) -> 23.8035 | K53: =(K$38*($C$53/100)) -> 17.3075 | L53: =(L$38*($C$53/100)) -> 28.70608
A54: F | B54: SEBRAE | C54: 0.6 | D54: =(D$38*($C$54/100)) -> 11.50626 | E54: =(E$38*($C$54/100)) -> 18.15396 | F54: =(F$38*($C$54/100)) -> 12.36642 | G54: =(G$38*($C$54/100)) -> 23.01912 | H54: =(H$38*($C$54/100)) -> 23.8611 | I54: =(I$38*($C$54/100)) -> 25.242048 | J54: =(J$38*($C$54/100)) -> 14.2821 | K54: =(K$38*($C$54/100)) -> 10.3845 | L54: =(L$38*($C$54/100)) -> 17.223648
A55: G | B55: INCRA | C55: 0.2 | D55: =(D$38*($C$55/100)) -> 3.83542 | E55: =(E$38*($C$55/100)) -> 6.05132 | F55: =(F$38*($C$55/100)) -> 4.12214 | G55: =(G$38*($C$55/100)) -> 7.67304 | H55: =(H$38*($C$55/100)) -> 7.9537 | I55: =(I$38*($C$55/100)) -> 8.414016 | J55: =(J$38*($C$55/100)) -> 4.7607 | K55: =(K$38*($C$55/100)) -> 3.4615 | L55: =(L$38*($C$55/100)) -> 5.741216
A56: H | B56: FGTS | C56: 8 | D56: =(D$38*($C$56/100)) -> 153.4168 | E56: =(E$38*($C$56/100)) -> 242.0528 | F56: =(F$38*($C$56/100)) -> 164.8856 | G56: =(G$38*($C$56/100)) -> 306.9216 | H56: =(H$38*($C$56/100)) -> 318.148 | I56: =(I$38*($C$56/100)) -> 336.56064 | J56: =(J$38*($C$56/100)) -> 190.428 | K56: =(K$38*($C$56/100)) -> 138.46 | L56: =(L$38*($C$56/100)) -> 229.64864
B57: TOTAL | C57: =SUM(C49:C56) -> 39.8 | D57: =SUM(D49:D56) -> 763.24858 | E57: =SUM(E49:E56) -> 1204.2127 | F57: =SUM(F49:F56) -> 820.30586 | G57: =SUM(G49:G56) -> 1526.935 | H57: =SUM(H49:H56) -> 1582.7863 | I57: =SUM(I49:I56) -> 1674.3892 | J57: =SUM(J49:J56) -> 947.3793 | ... L57: =SUM(L49:L56) -> 1142.502
B58: Itens não aplicáveis a Optantes do SIMPLES
A60: Submódulo 2.3 - Benefícios Mensais e Diários | D60: Agente Educacional | E60: Auxiliar de desenvolvimento infantil | F60: Cuidador de Alunos | G60: Orientador Educacional | H60: Encarregado Geral | I60: Técnico em Manutenção | J60: Bombeiro Hidráulico | K60: Ajudante de Manutenção | L60: Operador de Trator
A61: 2.3 | B61: Benefícios Mensais e Diários | D61: Valor(R$) | E61: Valor(R$) | F61: Valor(R$) | G61: Valor(R$) | H61: Valor(R$) | I61: Valor(R$) | J61: Valor(R$) | K61: Valor(R$) | L61: Valor(R$)
A62: A | B62: Transporte -Cláusula 21ª da CCT - considerando 2 passagens/dia (BUI) - Benefício para renda mensal inferior ou igual a R$3.205,20. Rendas superiores, 4 bilhetes diários de R$5,15 | D62: =(8.55*2*A20)-(6%*D20) -> 241.9854 | E62: =(8.55*2*A21)-(6%*D21) -> 175.5084 | F62: =(8.55*2*A22)-(6%*D22) -> 233.3838 | G62: =(5.15*4*A23)-(6%*D23) -> 199.9368 | H62: =(5.15*4*A24)-(6%*D24) -> 191.517 | I62: =(5.15*4*A25)-(6%*D25) -> 235.9584 | J62: =(8.55*2*A26)-(6%*D26) -> 214.227 | K62: =(8.55*2*A27)-(6%*D27) -> 253.203 | L62: =(8.55*2*A28)-(6%*D28) -> 224.5584
A63: B | B63: Ticket Alimentação - Cláusula 20ª da CCT | D63: =(25*A20)-(25*A20*10%) -> 469.8 | E63: =(25*A21)-(25*A21*10%) -> 469.8 | F63: =(25*A22)-(25*A22*10%) -> 469.8 | G63: =(25*A23)-(25*A23*10%) -> 469.8 | H63: =(25*A24)-(25*A24*10%) -> 469.8 | I63: =(25*A25)-(25*A25*10%) -> 469.8 | J63: =(25*A26)-(25*A26*10%) -> 469.8 | K63: =(25*A27)-(25*A27*10%) -> 469.8 | L63: =(25*A28)-(25*A28*10%) -> 469.8
A64: C | B64: Benefício Assistencial
A65: D | B65: Outros (Social Familiar) - Cláusula 26ª da CCT | D65: 21.6 | E65: 20.15 | F65: 20.15 | G65: 20.15 | H65: 20.15 | I65: 20.15 | J65: 20.15 | K65: 20.15 | L65: 20.15
B66: Total de Benefícios Mensais e Diários | D66: =SUM(D62:D65) -> 733.3854 | E66: =SUM(E62:E65) -> 665.4584 | F66: =SUM(F62:F65) -> 723.3338 | G66: =SUM(G62:G65) -> 689.8868 | H66: =SUM(H62:H65) -> 681.467 | I66: =SUM(I62:I65) -> 725.9084 | J66: =SUM(J62:J65) -> 704.177 | K66: =SUM(K62:K65) -> 743.153 | L66: =SUM(L62:L65) -> 714.5084
A68: Quadro-Resumo do Módulo 2 - Encargos e Benefícios anuais, mensais e diários | D68: Agente Educacional | E68: Auxiliar de desenvolvimento infantil | F68: Cuidador de Alunos | G68: Orientador Educacional | H68: Encarregado Geral | I68: Técnico em Manutenção | J68: Bombeiro Hidráulico | K68: Ajudante de Manutenção | L68: Operador de Trator
A69: 2 | B69: Encargos e Benefícios Anuais, Mensais e Diários | D69: Valor (R$) | E69: Valor (R$) | F69: Valor (R$) | G69: Valor (R$) | H69: Valor (R$) | I69: Valor (R$) | J69: Valor (R$) | K69: Valor (R$) | L69: Valor (R$)
A70: 2.1 | B70: 13º (décimo terceiro) Salário, Férias e Adicional de Férias | D70: =D44 -> 391.78815 | E70: =E44 -> 618.14234 | F70: =F44 -> 421.0766 | G70: =G44 -> 783.80104 | H70: =H44 -> 812.47046 | I70: =I44 -> 859.49173 | J70: =J44 -> 486.3055 | K70: =K44 -> 353.59222 | L70: =L44 -> 586.46521
A71: 2.2 | B71: GPS, FGTS e outras contribuições | D71: =D57+D45 -> 913.2135 | E71: =E57+E45 -> 1440.8193 | F71: =F57+F45 -> 981.48153 | G71: =G57+G45 -> 1826.9508 | H71: =H57+H45 -> 1893.776 | I71: =I57+I45 -> 2003.3772 | J71: =J57+J45 -> 1133.5227 | K71: =K57+K45 -> 824.18315 | L71: =L57+L45 -> 1366.9835
A72: 2.3 | B72: Benefícios Mensais e Diários | D72: =D66 -> 733.3854 | E72: =E66 -> 665.4584 | F72: =F66 -> 723.3338 | G72: =G66 -> 689.8868 | H72: =H66 -> 681.467 | I72: =I66 -> 725.9084 | J72: =J66 -> 704.177 | K72: =K66 -> 743.153 | L72: =L66 -> 714.5084
B73: Total | D73: =SUM(D70:D72) -> 2038.3871 | E73: =SUM(E70:E72) -> 2724.42 | F73: =SUM(F70:F72) -> 2125.8919 | G73: =SUM(G70:G72) -> 3300.6387 | H73: =SUM(H70:H72) -> 3387.7134 | I73: =SUM(I70:I72) -> 3588.7773 | J73: =SUM(J70:J72) -> 2324.0052 | K73: =SUM(K70:K72) -> 1920.9284 | L73: =SUM(L70:L72) -> 2667.9571
A75: MÓDULO 3: PROVISÃO PARA RESCISÃO | D75: Mediador de Alunos | E75: Cuidador de Alunos | F75: Auxiliar de Mecânica | G75: Orientador Educacional | H75: Encarregado Geral | I75: Técnico em Manutenção | J75: Bombeiro Hidráulico | K75: Ajudante de Manutenção | L75: Operador de Trator
A76: 3 | B76: Provisão para Rescisão | D76: Valor(R$) | E76: Valor(R$) | F76: Valor(R$) | G76: Valor(R$) | H76: Valor(R$) | I76: Valor(R$) | J76: Valor(R$) | K76: Valor(R$) | L76: Valor(R$)
A77: A | B77: Aviso prévio indenizado | D77: =((D38+D42+D43)/12)*5% -> 9.622909 | E77: =((E38+E42+E43)/12)*5% -> 15.18251 | F77: =((F38+F42+F43)/12)*5% -> 10.342278 | G77: =((G38+G42+G43)/12)*5% -> 19.251338 | H77: =((H38+H42+H43)/12)*5% -> 19.955502 | I77: =((I38+I42+I43)/12)*5% -> 21.110416 | J77: =((J38+J42+J43)/12)*5% -> 11.944398 | K77: =((K38+K42+K43)/12)*5% -> 8.6847593 | L77: =((L38+L42+L43)/12)*5% -> 14.404472
A78: B | B78: Incidência do FGTS sobre o Aviso Prévio Indenizado | D78: =((D38+D42)/12)*5%*8% -> 0.69248508 | E78: =((E38+E42)/12)*5%*8% -> 1.0925658 | F78: =((F38+F42)/12)*5%*8% -> 0.74425238 | G78: =((G38+G42)/12)*5%*8% -> 1.3853674 | H78: =((H38+H42)/12)*5%*8% -> 1.4360405 | I78: =((I38+I42)/12)*5%*8% -> 1.5191506 | J78: =((J38+J42)/12)*5%*8% -> 0.85954438 | K78: =((K38+K42)/12)*5%*8% -> 0.62497382 | L78: =((L38+L42)/12)*5%*8% -> 1.0365765
A79: C | B79: Multa do FGTS e contribuição social sobre o aviso prévio indenizado | D79: 0 | E79: 0 | F79: 0 | G79: 0 | H79: 0 | I79: 0 | J79: 0 | K79: 0 | L79: 0
A80: D | B80: Aviso prévio trabalhado | D80: =(((D38+D64)/30/12)*7) -> 37.288806 | E80: =(((E38+E64)/30/12)*7) -> 58.832278 | F80: =(((F38+F64)/30/12)*7) -> 40.076361 | G80: =(((G38+G64)/30/12)*7) -> 74.599 | H80: =(((H38+H64)/30/12)*7) -> 77.327639 | I80: =(((I38+I64)/30/12)*7) -> 81.802933 | J80: =(((J38+J64)/30/12)*7) -> 46.284583 | K80: =(((K38+K64)/30/12)*7) -> 33.653472 | L80: =(((L38+L64)/30/12)*7) -> 55.817378
A81: E | B81: Incidência de GPS, FGTS e outras contribuições sobre o aviso prévio trabalhado | D81: =(D38/30/12*7)*8% -> 2.9831044 | E81: =(E38/30/12*7)*8% -> 4.7065822 | F81: =(F38/30/12*7)*8% -> 3.2061089 | G81: =(G38/30/12*7)*8% -> 5.96792 | H81: =(H38/30/12*7)*8% -> 6.1862111 | I81: =(I38/30/12*7)*8% -> 6.5442347 | J81: =(J38/30/12*7)*8% -> 3.7027667 | K81: =(K38/30/12*7)*8% -> 2.6922778 | L81: =(L38/30/12*7)*8% -> 4.4653902
A82: F | B82: Multa do FGTS e contribuição social sobre o aviso prévio trabalhado | D82: =D38*4% -> 76.7084 | E82: =E38*4% -> 121.0264 | F82: =F38*4% -> 82.4428 | G82: =G38*4% -> 153.4608 | H82: =H38*4% -> 159.074 | I82: =I38*4% -> 168.28032 | J82: =J38*4% -> 95.214 | K82: =K38*4% -> 69.23 | L82: =L38*4% -> 114.82432
B83: TOTAL | D83: =SUM(D77:D82) -> 127.2957 | E83: =SUM(E77:E82) -> 200.84034 | F83: =SUM(F77:F82) -> 136.8118 | G83: =SUM(G77:G82) -> 254.66443 | H83: =SUM(H77:H82) -> 263.97939 | I83: =SUM(I77:I82) -> 279.25705 | J83: =SUM(J77:J82) -> 158.00529 | K83: =SUM(K77:K82) -> 114.88548 | L83: =SUM(L77:L82) -> 190.54814
A85: MÓDULO 4: CUSTO DE REPOSIÇÃO DO PROFISSIONAL AUSENTE | D85: Agente Educacional | E85: Auxiliar de desenvolvimento infantil | F85: Cuidador de Alunos | G85: Orientador Educacional | H85: Encarregado Geral | I85: Técnico em Manutenção | J85: Bombeiro Hidráulico | K85: Ajudante de Manutenção | L85: Operador de Trator
A86: 4.1 | B86: Submódulo 4.1. Ausências legais | D86: Valor(R$) | E86: Valor(R$) | F86: Valor(R$) | G86: Valor(R$) | H86: Valor(R$) | I86: Valor(R$) | J86: Valor(R$) | K86: Valor(R$) | L86: Valor(R$)
A87: A | B87: Substituto na cobertura de férias | D87: 0 | E87: 0 | F87: 0 | G87: 0 | H87: 0 | I87: 0 | J87: 0 | K87: 0 | L87: 0
A88: B | B88: Substituto na cobertura de Ausências legais | D88: =(((D38+D73+D83+D91+D112)-(D62-D63-D109-D110))/30*2.96)/12 -> 35.664363 | E88: =(((E38+E73+E83+E91+E112)-(E62-E63-E109-E110))/30*2.96)/12 -> 51.609563 | F88: =(((F38+F73+F83+F91+F112)-(F62-F63-F109-F110))/30*2.96)/12 -> 37.58237 | G88: =(((G38+G73+G83+G91+G112)-(G62-G63-G109-G110))/30*2.96)/12 -> 63.287909 | H88: =(((H38+H73+H83+H91+H112)-(H62-H63-H109-H110))/30*2.96)/12 -> 90.888683 | I88: =(((I38+I73+I83+I91+I112)-(I62-I63-I109-I110))/30*2.96)/12 -> 69.536849 | J88: =(((J38+J73+J83+J91+J112)-(J62-J63-J109-J110))/30*2.96)/12 -> 43.42603 | K88: =(((K38+K73+K83+K91+K112)-(K62-K63-K109-K110))/30*2.96)/12 -> 34.087341 | L88: =(((L38+L73+L83+L91+L112)-(L62-L63-L109-L110))/30*2.96)/12 -> 50.289962
A89: C | B89: Substituto na cobertura de Licença paternidade | D89: =(((D38+D73+D83+D91+D112)-(D62-D63-D109-D110))/30*5*1.5%)/12 -> 0.90365785 | E89: =(((E38+E73+E83+E91+E112)-(E62-E63-E109-E110))/30*5*1.5%)/12 -> 1.3076747 | F89: =(((F38+F73+F83+F91+F112)-(F62-F63-F109-F110))/30*5*1.5%)/12 -> 0.95225599 | G89: =(((G38+G73+G83+G91+G112)-(G62-G63-G109-G110))/30*5*1.5%)/12 -> 1.6035788 | H89: =(((H38+H73+H83+H91+H112)-(H62-H63-H109-H110))/30*5*1.5%)/12 -> 2.3029227 | I89: =(((I38+I73+I83+I91+I112)-(I62-I63-I109-I110))/30*5*1.5%)/12 -> 1.7619134 | J89: =(((J38+J73+J83+J91+J112)-(J62-J63-J109-J110))/30*5*1.5%)/12 -> 1.1003217 | K89: =(((K38+K73+K83+K91+K112)-(K62-K63-K109-K110))/30*5*1.5%)/12 -> 0.86369951 | L89: =(((L38+L73+L83+L91+L112)-(L62-L63-L109-L110))/30*5*1.5%)/12 -> 1.2742389
A90: D | B90: Substituto na cobertura de Ausência por Acidente de trabalho | D90: =(((D38+D73+D83+D91+D112)-(D62-D63-D109-D110))/30*15*0.78%)/12 -> 1.4097062 | E90: =(((E38+E73+E83+E91+E112)-(E62-E63-E109-E110))/30*15*0.78%)/12 -> 2.0399726 | F90: =(((F38+F73+F83+F91+F112)-(F62-F63-F109-F110))/30*15*0.78%)/12 -> 1.4855193 | G90: =(((G38+G73+G83+G91+G112)-(G62-G63-G109-G110))/30*15*0.78%)/12 -> 2.5015829 | H90: =(((H38+H73+H83+H91+H112)-(H62-H63-H109-H110))/30*15*0.78%)/12 -> 3.5925594 | I90: =(((I38+I73+I83+I91+I112)-(I62-I63-I109-I110))/30*15*0.78%)/12 -> 2.7485849 | J90: =(((J38+J73+J83+J91+J112)-(J62-J63-J109-J110))/30*15*0.78%)/12 -> 1.7165019 | K90: =(((K38+K73+K83+K91+K112)-(K62-K63-K109-K110))/30*15*0.78%)/12 -> 1.3473712 | L90: =(((L38+L73+L83+L91+L112)-(L62-L63-L109-L110))/30*15*0.78%)/12 -> 1.9878127
A91: E | B91: Substituto na cobertura de Afastamento Maternidade | D91: =(((D43*3.95/12)+(D65*3.95*1.02%))/12+((D38+D42)*39.8%*3.95)*1.02%/12) -> 9.2136602 | E91: =(((E43*3.95/12)+(E65*3.95*1.02%))/12+((E38+E42)*39.8%*3.95)*1.02%/12) -> 14.490051 | F91: =(((F43*3.95/12)+(F65*3.95*1.02%))/12+((F38+F42)*39.8%*3.95)*1.02%/12) -> 9.8921452 | G91: =(((G43*3.95/12)+(G65*3.95*1.02%))/12+((G38+G42)*39.8%*3.95)*1.02%/12) -> 18.355173 | H91: =(((H43*3.95/12)+(H65*3.95*1.02%))/12+((H38+H42)*39.8%*3.95)*1.02%/12) -> 19.024084 | I91: =(((I43*3.95/12)+(I65*3.95*1.02%))/12+((I38+I42)*39.8%*3.95)*1.02%/12) -> 20.121177 | J91: =(((J43*3.95/12)+(J65*3.95*1.02%))/12+((J38+J42)*39.8%*3.95)*1.02%/12) -> 11.414056 | K91: =(((K43*3.95/12)+(K65*3.95*1.02%))/12+((K38+K42)*39.8%*3.95)*1.02%/12) -> 8.3176106 | L91: =(((L43*3.95/12)+(L65*3.95*1.02%))/12+((L38+L42)*39.8%*3.95)*1.02%/12) -> 13.750966
A92: F | B92: Substituto na cobertura de outras ausências (especificar) | D92: 0 | E92: 0 | F92: 0 | G92: 0 | H92: 0 | I92: 0 | J92: 0 | K92: 0 | L92: 0
B93: TOTAL | D93: =SUM(D87:D92) -> 47.191388 | E93: =SUM(E87:E92) -> 69.447261 | F93: =SUM(F87:F92) -> 49.91229 | G93: =SUM(G87:G92) -> 85.748244 | H93: =SUM(H87:H92) -> 115.80825 | I93: =SUM(I87:I92) -> 94.168524 | J93: =SUM(J87:J92) -> 57.656909 | K93: =SUM(K87:K92) -> 44.616022 | L93: =SUM(L87:L92) -> 67.302979
A95: Submódulo 4.2 - Intrajornada | D95: Agente Educacional | E95: Auxiliar de desenvolvimento infantil | F95: Cuidador de Alunos | G95: Orientador Educacional | H95: Encarregado Geral | I95: Técnico em Manutenção | J95: Bombeiro Hidráulico | K95: Ajudante de Manutenção | L95: Operador de Trator
A96: 4.2 | B96: Intrajornada | D96: Valor(R$) | E96: Valor(R$) | F96: Valor(R$) | G96: Valor(R$) | H96: Valor(R$) | I96: Valor(R$) | J96: Valor(R$) | K96: Valor(R$) | L96: Valor(R$)
A97: A | B97: Intervalo para repouso ou alimentação | D97: 0 | E97: 0 | F97: 0 | G97: 0 | H97: 0 | I97: 0 | J97: 0 | K97: 0 | L97: 0
B98: TOTAL | D98: 0 | E98: 0 | F98: 0 | G98: 0 | H98: 0 | I98: 0 | J98: 0 | K98: 0 | L98: 0
A100: Quadro-Resumo do Módulo 4 - Custo de Reposição do Profissional Ausente | D100: Agente Educacional | E100: Auxiliar de desenvolvimento infantil | F100: Cuidador de Alunos | G100: Orientador Educacional | H100: Encarregado Geral | I100: Técnico em Manutenção | J100: Bombeiro Hidráulico | K100: Ajudante de Manutenção | L100: Operador de Trator
A101: 4 | B101: Custo de reposição | D101: Valor (R$) | E101: Valor (R$) | F101: Valor (R$) | G101: Valor (R$) | H101: Valor (R$) | I101: Valor (R$) | J101: Valor (R$) | K101: Valor (R$) | L101: Valor (R$)
A102: 4.1 | B102: Ausências legais | D102: =D93 -> 47.191388 | E102: =E93 -> 69.447261 | F102: =F93 -> 49.91229 | G102: =G93 -> 85.748244 | H102: =H93 -> 115.80825 | I102: =I93 -> 94.168524 | J102: =J93 -> 57.656909 | K102: =K93 -> 44.616022 | L102: =L93 -> 67.302979
A103: 4.2 | B103: Intrajornada | D103: 0 | E103: 0 | F103: 0 | G103: 0 | H103: 0 | I103: 0 | J103: 0 | K103: 0 | L103: 0
B104: Total | D104: =SUM(D102:D103) -> 47.191388 | E104: =SUM(E102:E103) -> 69.447261 | F104: =SUM(F102:F103) -> 49.91229 | G104: =SUM(G102:G103) -> 85.748244 | H104: =SUM(H102:H103) -> 115.80825 | I104: =SUM(I102:I103) -> 94.168524 | J104: =SUM(J102:J103) -> 57.656909 | K104: =SUM(K102:K103) -> 44.616022 | L104: =SUM(L102:L103) -> 67.302979
A106: MÓDULO 5: INSUMOS DIVERSOS | D106: Agente Educacional | E106: Auxiliar de desenvolvimento infantil | F106: Cuidador de Alunos | G106: Orientador Educacional | H106: Encarregado Geral | I106: Técnico em Manutenção | J106: Bombeiro Hidráulico | K106: Ajudante de Manutenção | L106: Operador de Trator
A107: 5 | B107: Insumos Diversos | D107: Valor(R$) | E107: Valor(R$) | F107: Valor(R$) | G107: Valor(R$) | H107: Valor(R$) | I107: Valor(R$) | J107: Valor(R$) | K107: Valor(R$) | L107: Valor(R$)
A108: A | B108: Uniformes E EPIS | D108: ='Anexo III-B Uniformes'!E56 -> 17.136667 | E108: ='Anexo III-B Uniformes'!E56 -> 17.136667 | F108: ='Anexo III-B Uniformes'!E63 -> 0.74666667 | G108: ='Anexo III-B Uniformes'!E56 -> 17.136667 | H108: ='Anexo III-B Uniformes'!H86 -> 128.17917 | I108: ='Anexo III-B Uniformes'!H86 -> 128.17917 | J108: ='Anexo III-B Uniformes'!G150 -> 152.19667 | K108: ='Anexo III-B Uniformes'!H119 -> 154.27917 | L108: ='Anexo III-B Uniformes'!H170 -> 128.24083
A109: B | B109: Materiais | H109: ='Anexo III-C Materiais'!F36 -> 1500
A110: C | B110: Equipamentos | G110: ='Anexo III-A Equip.'!G11 -> 0 | I110: ='Anexo III-A Equip.'!I11 -> 0 | J110: ='Anexo III-A Equip.'!J11 -> 0 | K110: ='Anexo III-A Equip.'!K11 -> 0 | L110: ='Anexo III-A Equip.'!L11 -> 0
A111: D | B111: Outros
B112: Total de Insumos Diversos | D112: =SUM(D108:D111) -> 17.136667 | E112: =SUM(E108:E111) -> 17.136667 | F112: =SUM(F108:F111) -> 0.74666667 | G112: =SUM(G108:G111) -> 17.136667 | H112: =SUM(H108:H111) -> 1628.1792 | I112: =SUM(I108:I111) -> 128.17917 | J112: =SUM(J108:J111) -> 152.19667 | K112: =SUM(K108:K111) -> 154.27917 | L112: =SUM(L108:L111) -> 128.24083
A114: MÓDULO 6: CUSTOS INDIRETOS, TRIBUTOS E LUCRO – (LUCRO PRESUMIDO) | D114: Agente Educacional | E114: Auxiliar de desenvolvimento infantil | F114: Cuidador de Alunos | G114: Orientador Educacional | H114: Encarregado Geral | I114: Técnico em Manutenção | J114: Bombeiro Hidráulico | K114: Ajudante de Manutenção | L114: Operador de Trator
A115: 6 | B115: Custos Indiretos, Tributos e Lucro | C115: % | D115: Valor(R$) | E115: Valor(R$) | F115: Valor(R$) | G115: Valor(R$) | H115: Valor(R$) | I115: Valor(R$) | J115: Valor(R$) | K115: Valor(R$) | L115: Valor(R$)
...

Sheet Anexo IV B - Custo Total MDO
A1: (PLANILHA A SER FORNECIDA PELA PROPONENTE EM PAPEL TIMBRADO)
A2: EMPRESA (nome da empresa)
A3: CNPJ N.º : (n.º do CNPJ)
A4: ANEXO IV- B
A5: PLANILHA DE COMPOSIÇÃO DE CUSTOS E FORMAÇÃO DE PREÇOS (Anexo VII da I.N. da SLTI/MPOG n.º 5 de 26/Maio/2017
A6: Contratação de empresa para prestação de serviços continuados de Apoio Logístico, com regime de dedicação exclusiva de mão de obra, com fornecimento de materiais de reposição e atendimento da Universidade Federal Fluminense
A7: Processo 23069.182202/2024-57
A9: Custo total da contratação
A10: ITEM | B10: DISCRIMINAÇÃO DO POSTO | C10: POSTOS | D10: FUNCIONÁRIOS | E10: VALOR MENSAL POR POSTO | F10: TOTAL MENSAL | G10: TOTAL ANUAL | H10: TOTAL 24 MÊS
A11: 1 | B11: ='Anexo II-B Salários'!B8 -> Almoxarife | C11: ='Anexo II-B Salários'!D8 -> 10 | D11: =C11 -> 10 | E11: ='An IV A Custo G1'!D160 -> 7648.2887 | F11: =E11*D11 -> 76482.887 | G11: =12*F11 -> 917794.64 | H11: =24*F11 -> 1835589.3
A12: 2 | B12: ='Anexo II-B Salários'!B9 -> Líder de Almoxarife | C12: ='Anexo II-B Salários'!D9 -> 1 | D12: =C12 -> 1 | E12: ='An IV A Custo G1'!E160 -> 8422.408 | F12: =E12*D12 -> 8422.408 | G12: =12*F12 -> 101068.9 | H12: =24*F12 -> 202137.79
A13: 3 | B13: ='Anexo II-B Salários'!B10 -> Auxiliar de Logística | C13: ='Anexo II-B Salários'!D10 -> 17 | D13: =C13 -> 17 | E13: ='An IV A Custo G1'!F160 -> 6005.32 | F13: =E13*D13 -> 102090.44 | G13: =12*F13 -> 1225085.3 | H13: =24*F13 -> 2450170.6
A14: 4 | B14: ='Anexo II-B Salários'!B11 -> Líder de Auxiliar de Logística | C14: ='Anexo II-B Salários'!D11 -> 1 | D14: =C14 -> 1 | E14: ='An IV A Custo G1'!G160 -> 6547.2905 | F14: =E14*D14 -> 6547.2905 | G14: =12*F14 -> 78567.486 | H14: =24*F14 -> 157134.97
A15: 5 | B15: ='Anexo II-B Salários'!B12 -> Copeiro | C15: ='Anexo II-B Salários'!D12 -> 2 | D15: =C15 -> 2 | E15: ='An IV A Custo G1'!H160 -> 4933.8474 | F15: =E15*D15 -> 9867.6947 | G15: =12*F15 -> 118412.34 | H15: =24*F15 -> 236824.67
A16: 6 | B16: ='Anexo II-B Salários'!B13 -> Líder de Copeiro | C16: ='Anexo II-B Salários'!D13 -> 1 | D16: =C16 -> 1 | E16: ='An IV A Custo G1'!I160 -> 6938.8507 | F16: =E16*D16 -> 6938.8507 | G16: =12*F16 -> 83266.208 | H16: =24*F16 -> 166532.42
A17: 7 | B17: ='Anexo II-B Salários'!B14 -> Auxiliar de Escriturário | C17: ='Anexo II-B Salários'!D14 -> 16 | D17: =C17 -> 16 | E17: ='An IV A Custo G1'!J160 -> 6159.5569 | F17: =E17*D17 -> 98552.91 | G17: =12*F17 -> 1182634.9 | H17: =24*F17 -> 2365269.8
A18: 8 | B18: ='Anexo II-B Salários'!B15 -> Guardião de Piscina | C18: ='Anexo II-B Salários'!D15 -> 1 | D18: =C18 -> 1 | E18: ='An IV A Custo G1'!K160 -> 4869.709 | F18: =E18*D18 -> 4869.709 | G18: =12*F18 -> 58436.509 | H18: =24*F18 -> 116873.02
A19: 9 | B19: ='Anexo II-B Salários'!B16 -> Auxiliar de Mecânica | C19: ='Anexo II-B Salários'!D16 -> 1 | D19: =C19 -> 1 | E19: ='An IV A Custo G1'!L160 -> 4862.5536 | F19: =E19*D19 -> 4862.5536 | G19: =12*F19 -> 58350.643 | H19: =24*F19 -> 116701.29
A20: 10 | B20: ='Anexo II-B Salários'!B17 -> Agente Educacional | C20: ='Anexo II-B Salários'!D17 -> 18 | D20: =C20 -> 18 | E20: ='An IV A Custo G2'!D160 -> 5267.8792 | F20: =E20*D20 -> 94821.826 | G20: =12*F20 -> 1137861.9 | H20: =24*F20 -> 2275723.8
A21: 11 | B21: ='Anexo II-B Salários'!B18 -> Auxiliar de desenvolvimento infantil | C21: ='Anexo II-B Salários'!D18 -> 32 | D21: =C21 -> 32 | E21: ='An IV A Custo G2'!E160 -> 7668.029 | F21: =E21*D21 -> 245376.93 | G21: =12*F21 -> 2944523.1 | H21: =24*F21 -> 5889046.2
A22: 12 | B22: ='Anexo II-B Salários'!B19 -> Cuidador de Alunos | C22: ='Anexo II-B Salários'!D19 -> 15 | D22: =C22 -> 15 | E22: ='An IV A Custo G2'!F160 -> 5555.8183 | F22: =E22*D22 -> 83337.274 | G22: =12*F22 -> 1000047.3 | H22: =24*F22 -> 2000094.6
A23: 13 | B23: ='Anexo II-B Salários'!B20 -> Orientador Educacional | C23: ='Anexo II-B Salários'!D20 -> 1 | D23: =C23 -> 1 | E23: ='An IV A Custo G2'!G160 -> 9518.7738 | F23: =E23*D23 -> 9518.7738 | G23: =12*F23 -> 114225.29 | H23: =24*F23 -> 228450.57
A24: 14 | B24: ='Anexo II-B Salários'!B21 -> Encarregado Geral | C24: ='Anexo II-B Salários'!D21 -> 1 | D24: =C24 -> 1 | E24: ='An IV A Custo G2'!H160 -> 11903.732 | F24: =E24*D24 -> 11903.732 | G24: =12*F24 -> 142844.78 | H24: =24*F24 -> 285689.57
A25: 15 | B25: ='Anexo II-B Salários'!B22 -> Técnico em Manutenção | C25: ='Anexo II-B Salários'!D22 -> 1 | D25: =C25 -> 1 | E25: ='An IV A Custo G2'!I160 -> 10538.233 | F25: =E25*D25 -> 10538.233 | G25: =12*F25 -> 126458.8 | H25: =24*F25 -> 252917.59
A26: 16 | B26: ='Anexo II-B Salários'!B23 -> Bombeiro Hidráulico | C26: ='Anexo II-B Salários'!D23 -> 1 | D26: =C26 -> 1 | E26: ='An IV A Custo G2'!J160 -> 6442.0466 | F26: =E26*D26 -> 6442.0466 | G26: =12*F26 -> 77304.56 | H26: =24*F26 -> 154609.12
A27: 17 | B27: ='Anexo II-B Salários'!B24 -> Ajudante de Manutenção | C27: ='Anexo II-B Salários'!D24 -> 1 | D27: =C27 -> 1 | E27: ='An IV A Custo G2'!K160 -> 5036.3947 | F27: =E27*D27 -> 5036.3947 | G27: =12*F27 -> 60436.737 | H27: =24*F27 -> 120873.47
A28: 18 | B28: ='Anexo II-B Salários'!B25 -> Operador de Trator | C28: ='Anexo II-B Salários'!D25 -> 1 | D28: =C28 -> 1 | E28: ='An IV A Custo G2'!L160 -> 7524.7056 | F28: =E28*D28 -> 7524.7056 | G28: =12*F28 -> 90296.467 | H28: =24*F28 -> 180592.93
A29: TOTAL | C29: =SUM(C11:C28) -> 121 | D29: =SUM(D11:D28) -> 121 | F29: =SUM(F11:F28) -> 793134.66 | G29: =12*F29 -> 9517615.9 | H29: =SUM(H11:H28) -> 19035232
